 Dungeon Crawl Stone Soup version 0.30.0-29-ga12c61a403 (webtiles) character file.

Game seed: 8526553910520505232

442406 qw the Impregnable (level 24, -1/168 HPs)
             Began as a Gargoyle Fighter on June 4, 2023.
             Was the Champion of Okawaru.
             Shot with a sling bullet by a vault warden (6 damage)
             ... on level 5 of the Vaults.
             The game lasted 00:35:40 (46605 turns).

qw the Impregnable (Gargoyle Fighter)              Turns: 46605, Time: 00:35:41

Health: -1/168     AC: 71    Str: 37    XL:     24   Next: 13%
Magic:  30/30      EV: 22    Int: 13    God:    Okawaru [******]
Gold:   1807       SH: 26    Dex: 11    Spells: 23/23 levels left

rFire   . . .        P - +8 mithril axe "Arga" {speed, Will+}
rCold   + + .        E - +2 tower shield {AC+3}
rNeg    + + .        a - +4 crystal plate armour "Bewk" {rC+ rCorr Str+3}
rPois   inf          Q - +2 helmet {SInv}
rElec   +            N - +0 cloak of Toidghufa {Str+4 Dex+2}
rCorr   +            y - +2 pair of gloves
SInv    +            G - +2 pair of boots
Will    +....        I - amulet of faith Stlth
                     B - ring of Secrets {rC+ rN+ EV+5 Str+2}
HPRegen 0.48/turn    t - +5 ring of evasion
MPRegen 0.22/turn

%: faith
@: about to teleport, weak-willed, heroic, marked, flying
A: sickness immunity, AC +18, big wings, negative energy resistance 1,
electricity resistance, torment resistance 1, petrification resistance
}: 2/15 runes: serpentine, barnacled
a: Renounce Religion, Heroism, Finesse, Duel


You were on level 5 of the Vaults.
You worshipped Okawaru.
Okawaru was exalted by your worship.
You visited 7 branches of the dungeon, and saw 39 of its levels.
You visited 1 bazaar.
You also visited: Sewer and Desolation.

You collected 6106 gold pieces.
You spent 4299 gold pieces at shops.


Innate Abilities, Weirdness & Mutations

You are immune to sickness and miasma.
Your stone body is resilient. (AC +18)
You are immune to poison.
Your large and strong wings let you fly.
You resist negative energy. (rN+)
You are resistant to electric shocks. (rElec)
You are resistant to unholy torment.
You are immune to petrification.


   Skills:
 - Level 22.0(27) Fighting
 - Level 18.0(23.0) Axes
 + Level 12.4(17.4) Throwing
 - Level 22.0(27) Armour
 - Level 7.0(12.0) Dodging
 - Level 21.4(26.4) Shields
 - Level 10.0 Invocations


You had 23 spell levels left.
You didn't know any spells.
Your spell library was empty.

Inventory:

Hand Weapons
 j - a +3 broad axe
 u - the +5 war axe of Hinurghuk {flame, Will+++ rCorr Str+3 Dex-2}
   (You acquired it on level 6 of the Dungeon)

   Str:       It affects your strength (+3).
   Dex:       It affects your dexterity (-2).
   rCorr:     It protects you from acid and corrosion.
   Will:      It greatly increases your willpower.
 P - the +8 mithril axe "Arga" (weapon) {speed, Will+}
   (You found it in the Desolation of Salt)

   Will:      It increases your willpower.
Missiles
 w - 26 javelins
 M - 7 silver javelins (quivered)
Armour
 a - the +4 crystal plate armour "Bewk" (worn) {rC+ rCorr Str+3}
   (You acquired it on level 1 of the Dungeon)

   Str:       It affects your strength (+3).
   rC:        It protects you from cold.
   rCorr:     It protects you from acid and corrosion.
 b - a scarf of resistance
 f - the +0 hat "Unuoxaqu" {rC++ Will+++ Int-3}
   (Okawaru gifted it to you on level 5 of the Lair of Beasts)

   Int:       It affects your intelligence (-3).
   rC:        It greatly protects you from cold.
   Will:      It greatly increases your willpower.
 y - a +2 pair of gloves (worn)
 E - a +2 tower shield of protection (worn)
 G - a +2 pair of boots (worn)
 N - the +0 cloak of Toidghufa (worn) {Str+4 Dex+2}
   (You acquired it on level 1 of the Vaults)

   Str:       It affects your strength (+4).
   Dex:       It affects your dexterity (+2).
 Q - a +2 helmet of see invisible (worn)
Jewellery
 q - the amulet of Brawling {Will+ Regen+ Str+7 Dex+7}
   (You bought it in a shop on level 2 of the Depths)

   [amulet of regeneration]

   Str:       It affects your strength (+7).
   Dex:       It affects your dexterity (+7).
   Regen:     It increases your rate of health regeneration.
   Will:      It increases your willpower.
 s - a ring of fire
 t - a +5 ring of evasion (right hand)
 B - the ring of Secrets (left hand) {rC+ rN+ EV+5 Str+2}
   (You found it in the Desolation of Salt)

   [ring of evasion]

   EV:        It affects your evasion (+5).
   Str:       It affects your strength (+2).
   rC:        It protects you from cold.
   rN:        It protects you from negative energy.
 F - a ring of protection from cold
 I - an amulet of faith (around neck)
 J - a ring of fire
Wands
 e - a wand of digging (10)
Scrolls
 c - 4 scrolls of brand weapon
 k - 5 scrolls of enchant weapon
 l - 6 scrolls of teleportation
 o - 28 scrolls of identify
Potions
 d - 8 potions of might
 g - 3 potions of magic
 h - a potion of resistance
 i - 8 potions of haste
 m - 16 potions of curing
 n - 12 potions of lignification
 p - 4 potions of attraction
 v - 2 potions of mutation
 A - 3 potions of cancellation

Dungeon Overview and Level Annotations

Branches:
Dungeon (15/15)            Temple (0/1) D:5            Lair (5/5) D:8
 Shoals (4/4) Lair:2        Snake (4/4) Lair:2        Slime (0/5) Lair:4
    Orc (2/2) D:11            Elf (0/3) Orc:2        Vaults (5/5) D:14
  Crypt (0/3) Vaults:2     Depths (4/4) D:15            Zot (0/5) Depths:4
  Sewer (visited)         Desolation (visited)

Altars:
Ashenzari
Cheibriados
Dithmenos
Elyvilon
Fedhas
Gozag
Hepliaklqana
Kikubaaqudgha
Makhleb
Nemelex Xobeh
Okawaru
Qazlal
Trog
Uskayaw
Vehumet
Wu Jian
Zin
Jiyva

Shops:
D:3 (   D:6 !   D:8 ?   Orc:1 =   Orc:2 =*[(   Shoals:1 **   Shoals:2 =
Snake:3 :   Depths:2 :==   Depths:3 :

Portals:
Hell: Depths:1 Depths:2 Depths:3 Depths:4
Abyss: Depths:3
Pandemonium: Depths:2
Ziggurat: Depths:4

Annotations:
Lair:5 2 transporters, qw's ghost, journeyman GrFi
Shoals:1 3 runed translucent doors, Liimbo's ghost, adept FoWn
Vaults:4 1 runed translucent door, tamionv's ghost, adept GrFi
Depths:3 1 runed translucent door, qw's ghost, veteran GrFi


Message History

You feel strangely unstable.
The vault sentinel blows a loud note on a signal horn!
You block the titan's attack. You block the storm dragon's attack.
The storm dragon claws you but does no damage.
The storm dragon misses you.
The vault warden shoots a sling bullet.
You block the sling bullet.
You closely miss the storm dragon.
The storm dragon is moderately wounded.
You slice the titan!!
A deep elf demonologist comes into view.
It is wielding a +0 long sword.
The titan hits you but does no damage. The storm dragon completely misses you.
The storm dragon barely misses you. You block the storm dragon's attack.
You slice the titan!!
The titan is severely wounded.
You barely miss the vault sentinel. You slice the storm dragon!!
The vault warden shoots a sling bullet.
The sling bullet hits you but does no damage.
You hit the titan.
The titan is severely wounded.
You slash the vault sentinel! You slice the storm dragon!!
The titan casts a spell.
The titan is healed somewhat.
You closely miss the storm dragon.
The storm dragon is severely wounded.
You hit the fire giant. You barely miss the titan.
You block the storm dragon's attack. The storm dragon misses you.
You block the storm dragon's attack.
The vault warden shoots a sling bullet.
The sling bullet hits you but does no damage.
You slice the storm dragon like a ripe choko!!!
You kill the storm dragon!
Okawaru accepts your kill.
The storm dragon scales are intact enough to wear.
You slice the titan!! You slash the fire giant! You block the titan's attack.
You barely miss the titan.
The titan is severely wounded.
You barely miss the fire giant.
The vault warden shoots a sling bullet.
The sling bullet hits you!! The sling bullet burns you.
You die...

#....#..#..#
#.......)..#
###).#..#
#..()).:#
#p.)))).# .#
.......(#(.#..#
........#p.#..#
.#.#..###))#..#
....e..pC@.#..#
.......OC[[)..#
#########....#
..c....c)..#
...........#
...........#
...........#
#######....#
#.#.#..[..#


You could see a titan, a fire giant, a vault warden, a yaktaur captain, a deep
elf demonologist, a vault sentinel (catching breath) and an ogre.

Vanquished Creatures
  A dread lich (Vaults:5)
  An ancient lich (Vaults:5)
  Mennas (Vaults:5)
  Sojobo (Depths:1)
  Vashnia (Snake:2)
  Bai Suzhen (Vaults:5)
  A caustic shrike (Depths:3)
  4 golden dragons (Depths:4)
  Zenata (Vaults:3)
  Mlioglotl (Shoals:1)
  A tentacled monstrosity (Depths:3)
  A walking crystal tome (Depths:3)
  A lich (Depths:1)
  4 titans
  Gastronok (Lair:3)
  Polyphemus (Shoals:4)
  An ancient champion (Vaults:2)
  7 sphinxes
  6 tengu reavers
  2 shadow dragons (Vaults:5)
  9 storm dragons
  13 nagarajas (Snake:4)
  Kirke (Shoals:4)
  Aizul (Snake:2)
  11 frost giants
  8 fire giants
  An iron dragon (Vaults:5)
  An emperor scorpion (shapeshifter) (Vaults:4)
  A draconian stormcaller (Depths:4)
  A draconian shifter (Depths:4)
  15 vault wardens
  2 imperial myrmidons (Desolation)
  2 orc warlords
  2 war gargoyles (Vaults:5)
  15 stone giants
  20 ironbound preservers
  3 spriggan defenders (Depths:3)
  20 very ugly things
  11 ironbound thunderhulks
  A draconian annihilator (Depths:4)
  A deep elf demonologist (Vaults:5)
  Nessos (D:13)
  A vampire knight (Depths:1)
  4 deep elf annihilators (Vaults:5)
  2 black draconians (Depths:4)
  16 spark wasps
  9 dire elephants
  A minotaur (Shoals:4)
  A white draconian (Depths:4)
  A purple draconian (Depths:4)
  2 red draconians (Depths:4)
  2 halazid warlocks (Desolation)
  2 crystal guardians (Desolation)
  A deep elf death mage (Vaults:5)
  An eidolon (Vaults:2)
  Snorg (Orc:1)
  10 ettins
  14 yaktaur captains
  4 merfolk javelineers
  4 merfolk impalers
  6 ragged hierophants (Desolation)
  6 fire dragons
  Harold (Orc:1)
  5 ice dragons
  Fannar (Lair:3)
  3 great orbs of eyes
  9 servants of whispers (Desolation)
  34 vault guards
  4 rakshasas
  5 salamander tyrants
  9 peacekeepers (Desolation)
  4 spriggan air magi
  5 hydras
  2 anacondas
  3 catoblepae
  An ogre mage (Vaults:5)
  13 ironbound frosthearts
  12 centaur warriors
  5 merfolk avatars
  3 merfolk aquamancers
  A boulder beetle (Lair:3)
  2 deep troll shamans
  6 two-headed ogres
  17 death yaks
  23 naga warriors
  12 satyrs (Shoals:4)
  2 vampire magi
  An orc high priest (Orc:1)
  4 tengu warriors
  Urug (Orc:1)
  3 deep troll earth magi
  14 naga sharpshooters
  6 shock serpents
  Nergalle (Lair:3)
  6 skysharks
  2 spriggan berserkers
  12 hell knights
  10 skeletal warriors
  An iron troll (Depths:2)
  4 salamander mystics
  3 sea snakes
  3 flayed ghosts
  A sea snake (shapeshifter) (Depths:1)
  3 glowing orange brains
  9 wizards
  39 deep trolls
  6 phantasmal warriors
  5 orc knights
  16 ironbound convokers
  5 necromancers
  8 naga ritualists
  11 mana vipers
  Pikel (D:4)
  2 deep elf pyromancers
  5 lindwurms
  39 harpies
  A tengu zombie (Vaults:5)
  9 orc sorcerers
  3 oklob plants (Lair:4)
  47 ugly things
  8 manticores
  8 merfolk sirens
  5 fauns
  A moth of wrath (shapeshifter) (Vaults:5)
  5 cyclopes
  9 elephants (Lair:5)
  A human skeleton (Vaults:5)
  Maurice (Orc:1)
  9 guardian serpents
  2 ice statues (Snake:3)
  A frost giant skeleton (Vaults:4)
  11 slime creatures
  18 salamanders
  25 black mambas
  17 vault sentinels
  25 naga magi
  A torpor snail (Lair:4)
  4 water nymphs
  A gargoyle (D:13)
  3 rime drakes
  15 cane toads
  An unseen horror (D:13)
  9 komodo dragons
  32 yaktaurs
  A yaktaur skeleton (Vaults:5)
  2 tengu conjurers (Depths:3)
  27 merfolk
  3 meliai (D:15)
  3 polar bears
  8 trolls
  62 saltlings (Desolation)
  3 wind drakes
  10 blink frogs
  Grinder (D:3)
  2 dream sheep (Shoals:4)
  4 snapping turtles
  A slime creature (shapeshifter) (Depths:1)
  A shadow (D:13)
  2 wraiths (D:14)
  14 wyverns
  12 water elementals
  3 basilisks
  2 vampires
  5 hogs (Shoals:4)
  2 humans (Shoals:4)
  57 yaks
  A basilisk (shapeshifter) (Vaults:5)
  A human simulacrum (Vaults:4)
  8 vampire mosquitoes
  2 steam dragons
  A redback (shapeshifter) (Vaults:5)
  6 wargs
  63 nagas
  A glowing shapeshifter zombie (Vaults:4)
  A floating eye (Depths:2)
  2 hell hounds (Lair:1)
  15 water moccasins
  38 orc warriors
  Pargi (D:4)
  2 sky beasts
  2 black bears
  An ettin simulacrum (Vaults:5)
  9 boggarts
  8 ogres
  12 centaurs
  18 wolves
  A phantom (D:5)
  4 lemures (D:4)
  5 kobold brigands
  19 bullfrogs
  5 gnoll sergeants
  A scorpion (shapeshifter) (Depths:4)
  5 wights (D:9)
  8 scorpions
  11 killer bees (D:9)
  4 electric eels
  A howler monkey (D:14)
  10 hounds
  6 orc priests
  6 gnoll boudas
  Ijyb (D:3)
  4 iguanas
  3 sleepcaps
  19 orc wizards
  A hell rat (Sewer)
  42 gnolls
  13 adders
  A river rat (Sewer)
  2 white imps
  An ufetubus (D:5)
  A worm (D:11)
  6 dart slugs
  77 orcs
  4 bats
  5 endoplasms
  A giant cockroach (D:2)
  7 goblins
  7 hobgoblins
  5 jackals (D:6)
  4 quokkas
  4 ball pythons
  4 frilled lizards
  21 kobolds
  11 rats
1688 creatures vanquished.

Vanquished Creatures (others)
  A salamander (Snake:4)
  2 nagas (Snake:4)
  An ogre (Vaults:5)
  A boggart (Vaults:2)
  An orc (Orc:1)
  A kobold (D:7)
7 creatures vanquished.

Grand Total: 1695 creatures vanquished

Notes
Turn   | Place    | Note
-------+----------+-------------------------------------------
     0 | D:1      | qw the Gargoyle Fighter began the quest for the Orb.
     0 | D:1      | Reached XP level 1. HP: 14/14 MP: 1/1
     0 | D:1      | 0 ||| qw: Version: 0.2-a-107-g4668610
     0 | D:1      | 0 ||| qw: Game counter: 1289
     0 | D:1      | 0 ||| qw: Always use a shield: true
     0 | D:1      | 0 ||| qw: God list: Okawaru
     0 | D:1      | 0 ||| qw: Allow faded altars: false
     0 | D:1      | 0 ||| qw: Do Orc after D:15 true
     0 | D:1      | 0 ||| qw: Do second Lair branch before Depths: true
     0 | D:1      | 0 ||| qw: Lair rune preference: random
     0 | D:1      | 0 ||| qw: Plans: Normal, Zot:1-4, Slime:5, God:TSO, Crypt,
                  | Tomb, Abyss, Pan, Hells, Win
     0 | D:1      | 0 ||| PLANNING D:1-11
    60 | D:1      | 60 ||| READING scroll labelled SAHESA TEODGHU.
    78 | D:1      | 78 ||| Stepping ~*~*~tactically~*~*~ (stealth).
   225 | D:1      | 225 ||| Stepping ~*~*~tactically~*~*~ (stealth).
   252 | D:1      | Reached XP level 2. HP: 19/19 MP: 2/2
   454 | D:1      | 454 ||| READING scroll labelled KOSHRU ASOWNY.
   487 | D:1      | 487 ||| READING scroll labelled ZIPNOO FIUFU.
   487 | D:1      | Identified a scroll of acquirement
   487 | D:1      | 487 ||| ACQUIRING +4 crystal plate armour "Bewk" {rC+ rCorr
                  | Str+3}
   487 | D:1      | Acquired the +4 crystal plate armour "Bewk" {rC+ rCorr
                  | Str+3}
   489 | D:1      | 489 ||| UPGRADING to +4 crystal plate armour "Bewk" {rC+
                  | rCorr Str+3}.
   499 | D:1      | 499 ||| DROPPING +0 scale mail.
   500 | D:1      | 500 ||| DRINKING 2 green potions.
   694 | D:1      | 694 ||| Stepping ~*~*~tactically~*~*~ (hiding).
   870 | D:1      | 870 ||| READING scroll of acquirement.
   870 | D:1      | 870 ||| ACQUIRING ring "Loarixt" {Fly rPois Str-5 SInv}
   870 | D:1      | Acquired the ring "Loarixt" {Fly rPois Str-5 SInv}
   872 | D:1      | 872 ||| UPGRADING to ring "Loarixt" {Fly rPois Str-5 SInv}.
   892 | D:1      | 892 ||| Stepping ~*~*~tactically~*~*~ (hiding).
   985 | D:1      | 985 ||| UPGRADING to scarf of resistance.
   990 | D:1      | 990 ||| READING scroll labelled LEGHE UMERESHI.
  1037 | D:2      | Reached skill level 3 in Axes
  1047 | D:2      | Reached XP level 3. HP: 23/23 MP: 3/3
  1089 | D:2      | 1089 ||| Stepping ~*~*~tactically~*~*~ (stealth).
  1126 | D:2      | 1126 ||| Stepping ~*~*~tactically~*~*~ (stealth).
  1137 | D:2      | Reached XP level 4. HP: 24/28 MP: 4/4
  1142 | D:2      | 1142 ||| FLEEEEING.
  1819 | D:2      | Reached XP level 5. HP: 29/32 MP: 5/5
  1952 | D:2      | 1952 ||| UPGRADING to amulet of regeneration.
  1957 | D:2      | 1957 ||| DROPPING amulet of the acrobat.
  1958 | D:2      | 1958 ||| READING scroll labelled HOUTEPLAETH.
  1959 | D:2      | 1959 ||| DRINKING 3 cyan potions.
  2002 | D:3      | Found Caeraeph's Antique Weapon Boutique.
  2006 | D:3      | 2006 ||| SHOPLISTING broad axe (112 gold, have 68).
  2006 | D:3      | 2006 ||| SHOPLISTING runed flail (182 gold, have 68).
  2006 | D:3      | 2006 ||| SHOPLISTING runed hand axe (168 gold, have 68).
  2061 | D:3      | 2061 ||| Stepping ~*~*~tactically~*~*~ (hiding).
  2455 | D:3      | Noticed Grinder
  2456 | D:3      | 2456 ||| Stepping ~*~*~tactically~*~*~ (hiding).
  2457 | D:3      | 2457 ||| Stepping ~*~*~tactically~*~*~ (hiding).
  2478 | D:3      | Paralysed by Grinder for 3 turns
  2493 | D:3      | Paralysed by Grinder for 5 turns
  2506 | D:3      | Paralysed by Grinder for 3 turns
  2512 | D:3      | Paralysed by Grinder for 5 turns
  2519 | D:3      | 2519 ||| FLEEEEING.
  2520 | D:3      | 2520 ||| FLEEEEING.
  2521 | D:3      | 2521 ||| FLEEEEING.
  2522 | D:3      | 2522 ||| FLEEEEING.
  2532 | D:3      | Paralysed by Grinder for 5 turns
  2537 | D:3      | Killed Grinder
  2538 | D:3      | Reached skill level 6 in Axes
  2538 | D:3      | Reached XP level 6. HP: 35/37 MP: 6/6
  2874 | D:3      | Noticed Ijyb
  2895 | D:3      | Killed Ijyb
  2930 | D:3      | Found a glowing silver altar of Zin.
  2989 | D:3      | Found a blossoming altar of Fedhas.
  3104 | D:3      | 3104 ||| UPGRADING to ring of positive energy.
  3105 | D:3      | 3105 ||| READING scroll labelled UGHIFR ILUGIR.
  3206 | D:3      | 3206 ||| READING scroll labelled YTIUWKEOXU.
  3217 | D:4      | Noticed Pikel
  3217 | D:4      | 3217 ||| Stepping ~*~*~tactically~*~*~ (stealth).
  3230 | D:4      | HP: 7/37 [lemure[Pikel] (7)]
  3231 | D:4      | 3231 ||| DRINKING 2 potions of heal wounds.
  3237 | D:4      | HP: 8/37 [lemure[Pikel] (4)]
  3238 | D:4      | 3238 ||| DRINKING potion of heal wounds.
  3321 | D:4      | Killed Pikel
  3322 | D:4      | Reached skill level 6 in Fighting
  3322 | D:4      | Reached XP level 7. HP: 40/47 MP: 7/7
  3329 | D:4      | Found an iron altar of Okawaru.
  3331 | D:4      | 3331 ||| PLANNING OKAWARU WORSHIP
  3331 | D:4      | 3331 ||| DROPPING +0 whip.
  3336 | D:4      | Became a worshipper of Warmaster Okawaru
  3336 | D:4      | 3336 ||| PLANNING D:1-11
  3340 | D:4      | 3340 ||| Stepping ~*~*~tactically~*~*~ (stealth).
  3346 | D:4      | Reached XP level 8. HP: 52/52 MP: 8/8
  3358 | D:4      | 3358 ||| Stepping ~*~*~tactically~*~*~ (stealth).
  3364 | D:4      | 3364 ||| Stepping ~*~*~tactically~*~*~ (hiding).
  3387 | D:4      | 3387 ||| DRINKING potion of curing.
  3387 | D:4      | 3387 ||| (to cure confusion)
  3731 | D:4      | Noticed Pargi
  3751 | D:4      | Killed Pargi
  3767 | D:4      | 3767 ||| Stepping ~*~*~tactically~*~*~ (hiding).
  3769 | D:4      | 3769 ||| Stepping ~*~*~tactically~*~*~ (hiding).
  3811 | D:4      | Reached * piety under Okawaru
  3812 | D:4      | Reached skill level 6 in Armour
  3812 | D:4      | 3812 ||| INVOKING Heroism.
  3866 | D:4      | 3866 ||| READING scroll labelled MOPHIE LEOFOUKK.
  3867 | D:4      | 3867 ||| READING scroll labelled TASMAG APSEHO.
  3881 | D:5      | Entered Level 5 of the Dungeon
  3941 | D:5      | Found a staircase to the Ecumenical Temple.
  3990 | D:5      | 3990 ||| INVOKING Heroism.
  3992 | D:5      | Reached skill level 1 in Throwing
  3992 | D:5      | Reached skill level 1 in Invocations
  4020 | D:5      | 4020 ||| DROPPING +0 whip of freezing.
  4068 | D:5      | 4068 ||| Stepping ~*~*~tactically~*~*~ (stealth).
  4069 | D:5      | 4069 ||| Stepping ~*~*~tactically~*~*~ (stealth).
  4071 | D:5      | 4071 ||| Stepping ~*~*~tactically~*~*~ (hiding).
  4074 | D:5      | 4074 ||| Stepping ~*~*~tactically~*~*~ (hiding).
  4075 | D:5      | 4075 ||| Stepping ~*~*~tactically~*~*~ (hiding).
  4251 | D:5      | Found a sparkling altar of Nemelex Xobeh.
  4312 | D:5      | 4312 ||| INVOKING Heroism.
  4317 | D:5      | Reached XP level 9. HP: 30/56 MP: 7/10
  4324 | D:5      | Reached skill level 3 in Invocations
  4349 | D:5      | 4349 ||| DROPPING +1 whip of venom.
  4481 | D:5      | 4481 ||| INVOKING Heroism.
  4529 | D:5      | 4529 ||| Stepping ~*~*~tactically~*~*~ (stealth).
  4817 | D:5      | 4817 ||| READING 4 scrolls labelled AFI QUGURUUBIS.
  4820 | D:5      | 4820 ||| READING 2 scrolls labelled KYRGHA NASUUN.
  4821 | D:5      | 4821 ||| READING 5 scrolls of identify.
  4821 | D:5      | 4821 ||| IDENTIFYING silvery potion
  4822 | D:5      | 4822 ||| READING 4 scrolls of identify.
  4822 | D:5      | 4822 ||| IDENTIFYING brown potion
  4823 | D:5      | 4823 ||| READING 3 scrolls of identify.
  4823 | D:5      | 4823 ||| IDENTIFYING yellow potion
  4824 | D:5      | 4824 ||| READING 2 scrolls of identify.
  4824 | D:5      | 4824 ||| IDENTIFYING bubbling yellow potion
  4825 | D:5      | 4825 ||| DROPPING potion of ambrosia.
  4826 | D:5      | 4826 ||| DROPPING potion of flight.
  4832 | D:6      | 4832 ||| PLANNING SEWER
  4840 | D:6      | 4840 ||| INVOKING Heroism.
  4844 | D:6      | Reached skill level 1 in Dodging
  4927 | D:6      | 4927 ||| Stepping ~*~*~tactically~*~*~ (stealth).
  4942 | D:6      | Found Kueq's Distillery.
  4950 | D:6      | 4950 ||| BUYING potion of curing (39 gold).
  4950 | D:6      | Bought a potion of curing for 39 gold pieces
  4950 | D:6      | 4950 ||| BUYING potion of curing (39 gold).
  4950 | D:6      | Bought a potion of curing for 39 gold pieces
  4950 | D:6      | 4950 ||| BUYING potion of haste (130 gold).
  4950 | D:6      | Bought a potion of haste for 130 gold pieces
  4950 | D:6      | 4950 ||| BUYING potion of heal wounds (65 gold).
  4950 | D:6      | Bought a potion of heal wounds for 65 gold pieces
  4950 | D:6      | 4950 ||| BUYING potion of heal wounds (65 gold).
  4950 | D:6      | Bought a potion of heal wounds for 65 gold pieces
  4950 | D:6      | 4950 ||| BUYING potion of might (52 gold).
  4950 | D:6      | Bought a potion of might for 52 gold pieces
  4962 | D:6      | Identified the +0 robe of the Valley of Death {Rampage
                  | Int+2 Dex-2 SInv}
  4965 | D:6      | 4965 ||| Stepping ~*~*~tactically~*~*~ (hiding).
  4998 | D:6      | 4998 ||| Stepping ~*~*~tactically~*~*~ (stealth).
  5030 | D:6      | 5030 ||| Stepping ~*~*~tactically~*~*~ (hiding).
  5031 | D:6      | 5031 ||| Stepping ~*~*~tactically~*~*~ (hiding).
  5032 | D:6      | 5032 ||| Stepping ~*~*~tactically~*~*~ (hiding).
  5033 | D:6      | 5033 ||| Stepping ~*~*~tactically~*~*~ (hiding).
  5035 | D:6      | 5035 ||| INVOKING Heroism.
  5062 | D:6      | Reached skill level 9 in Axes
  5139 | D:6      | 5139 ||| INVOKING Heroism.
  5177 | D:6      | 5177 ||| INVOKING Heroism.
  5192 | D:6      | 5192 ||| Stepping ~*~*~tactically~*~*~ (hiding).
  5193 | D:6      | 5193 ||| Stepping ~*~*~tactically~*~*~ (hiding).
  5207 | D:6      | 5207 ||| READING scroll of acquirement.
  5207 | D:6      | 5207 ||| ACQUIRING +5 war axe of Hinurghuk {flame, Will+++
                  | rCorr Str+3 Dex-2}
  5207 | D:6      | Acquired the +5 war axe of Hinurghuk {flame, Will+++ rCorr
                  | Str+3 Dex-2}
  5209 | D:6      | 5209 ||| SWAPPING to +5 war axe of Hinurghuk {flame,
                  | Will+++ rCorr Str+3 Dex-2}.
  5210 | D:6      | 5210 ||| DROPPING +0 flail.
  5261 | D:6      | Found a glowing drain.
  5262 | D:6      | 5262 ||| UPGRADING to +4 ring of protection.
  5264 | D:6      | 5264 ||| READING scroll labelled ASCHEL DIGH.
  5265 | D:6      | 5265 ||| READING 3 scrolls of identify.
  5265 | D:6      | 5265 ||| IDENTIFYING sapphire potion
  5266 | D:6      | 5266 ||| READING 2 scrolls of identify.
  5266 | D:6      | 5266 ||| IDENTIFYING emerald potion
  5275 | Sewer    | Entered a sewer
  5346 | D:6      | 5346 ||| PLANNING D:1-11
  5529 | D:6      | Found a bloodstained altar of Trog.
  5530 | D:6      | 5530 ||| INVOKING Heroism.
  5559 | D:6      | Reached ** piety under Okawaru
  5560 | D:6      | Reached XP level 10. HP: 63/63 MP: 13/13
  5615 | D:6      | 5615 ||| INVOKING Heroism.
  5629 | D:6      | 5629 ||| INVOKING Heroism.
  5809 | D:7      | 5809 ||| Stepping ~*~*~tactically~*~*~ (hiding).
  5813 | D:7      | 5813 ||| INVOKING Heroism.
  5815 | D:7      | 5815 ||| Stepping ~*~*~tactically~*~*~ (hiding).
  6004 | D:7      | Found a white marble altar of Elyvilon.
  6123 | D:7      | 6123 ||| Stepping ~*~*~tactically~*~*~ (hiding).
  6886 | D:7      | 6886 ||| UPGRADING to +0 helmet.
  6891 | D:7      | 6891 ||| UPGRADING to +0 pair of gloves.
  6896 | D:7      | 6896 ||| UPGRADING to +0 kite shield.
  6906 | D:7      | 6906 ||| DROPPING +0 buckler.
  6907 | D:7      | 6907 ||| READING scroll of enchant armour.
  6907 | D:7      | 6907 ||| ENCHANTING +0 pair of gloves.
  6908 | D:7      | 6908 ||| READING 4 scrolls of identify.
  6908 | D:7      | 6908 ||| IDENTIFYING blue potion
  6909 | D:7      | 6909 ||| READING 3 scrolls of identify.
  6909 | D:7      | 6909 ||| IDENTIFYING clear potion
  6910 | D:7      | 6910 ||| READING 2 scrolls of identify.
  6910 | D:7      | 6910 ||| IDENTIFYING bubbling clear potion
  6911 | D:7      | 6911 ||| DROPPING potion of invisibility.
  6928 | D:8      | Found Ziffuwke's Magic Scroll Shoppe.
  6931 | D:8      | 6931 ||| SHOPLISTING scroll of acquirement (728 gold, have
                  | 357).
  6931 | D:8      | 6931 ||| BUYING scroll of brand weapon (133 gold).
  6931 | D:8      | Bought a scroll of brand weapon for 133 gold pieces
  6931 | D:8      | 6931 ||| BUYING scroll of brand weapon (133 gold).
  6931 | D:8      | Bought a scroll of brand weapon for 133 gold pieces
  6931 | D:8      | 6931 ||| SHOPLISTING scroll of enchant armour (105 gold,
                  | have 91).
  6931 | D:8      | 6931 ||| BUYING scroll of identify (28 gold).
  6931 | D:8      | Bought a scroll of identify for 28 gold pieces
  6931 | D:8      | 6931 ||| BUYING scroll of teleportation (42 gold).
  6931 | D:8      | Bought a scroll of teleportation for 42 gold pieces
  6931 | D:8      | 6931 ||| SHOPLISTING scroll of teleportation (42 gold, have
                  | 21).
  7010 | D:8      | 7010 ||| Stepping ~*~*~tactically~*~*~ (stealth).
  7015 | D:8      | 7015 ||| INVOKING Heroism.
  7048 | D:8      | 7048 ||| Stepping ~*~*~tactically~*~*~ (hiding).
  7120 | D:8      | Found a burning altar of Makhleb.
  7156 | D:8      | 7156 ||| Stepping ~*~*~tactically~*~*~ (stealth).
  7158 | D:8      | 7158 ||| Stepping ~*~*~tactically~*~*~ (hiding).
  7164 | D:8      | 7164 ||| INVOKING Heroism.
  7184 | D:8      | 7184 ||| Stepping ~*~*~tactically~*~*~ (stealth).
  7196 | D:8      | Reached skill level 6 in Shields
  7230 | D:8      | 7230 ||| INVOKING Heroism.
  7581 | D:8      | Found a staircase to the Lair.
  7595 | D:8      | 7595 ||| INVOKING Heroism.
  7703 | D:8      | 7703 ||| Stepping ~*~*~tactically~*~*~ (hiding).
  7704 | D:8      | 7704 ||| Stepping ~*~*~tactically~*~*~ (hiding).
  7842 | D:8      | 7842 ||| PLANNING LAIR
  7842 | D:8      | 7842 ||| READING scroll labelled JIRGHI TYSKULO.
  7857 | Lair:1   | Entered Level 1 of the Lair of Beasts
  7857 | Lair:1   | Noticed a cane toad
  7858 | Lair:1   | 7858 ||| INVOKING Heroism.
  7866 | Lair:1   | Killed a cane toad
  7866 | Lair:1   | Reached *** piety under Okawaru
  7904 | Lair:1   | Reached skill level 9 in Shields
  7911 | Lair:1   | Reached XP level 11. HP: 56/67 MP: 14/14
  7961 | Lair:1   | 7961 ||| INVOKING Heroism.
  7978 | Lair:1   | Reached skill level 9 in Armour
  8108 | Lair:1   | Noticed a death yak
  8108 | Lair:1   | Noticed a death yak
  8109 | Lair:1   | 8109 ||| Stepping ~*~*~tactically~*~*~ (stealth).
  8111 | Lair:1   | 8111 ||| INVOKING Heroism.
  8111 | Lair:1   | Noticed a death yak
  8112 | Lair:1   | 8112 ||| Stepping ~*~*~tactically~*~*~ (stealth).
  8119 | Lair:1   | Noticed a death yak
  8122 | Lair:1   | Killed a death yak
  8122 | Lair:1   | Reached **** piety under Okawaru
  8126 | Lair:1   | Killed a death yak
  8136 | Lair:1   | Killed a death yak
  8137 | Lair:1   | Killed a death yak
  8137 | Lair:1   | Reached ***** piety under Okawaru
  8207 | Lair:1   | 8207 ||| INVOKING Heroism.
  8233 | Lair:1   | 8233 ||| Stepping ~*~*~tactically~*~*~ (stealth).
  8235 | Lair:1   | 8235 ||| INVOKING Heroism.
  8243 | Lair:1   | Reached skill level 6 in Invocations
  8243 | Lair:1   | 8243 ||| Stepping ~*~*~tactically~*~*~ (stealth).
  8286 | Lair:1   | Found a dark tunnel.
  8333 | Lair:1   | 8333 ||| INVOKING Heroism.
  8659 | Lair:1   | 8659 ||| DROPPING scarf of shadows.
  8660 | Lair:1   | 8660 ||| READING 4 scrolls of identify.
  8660 | Lair:1   | 8660 ||| IDENTIFYING smoky puce potion
  8661 | Lair:1   | 8661 ||| DROPPING potion of degeneration.
  8699 | Lair:2   | 8699 ||| INVOKING Heroism.
  8709 | Lair:2   | Reached skill level 3 in Throwing
  8737 | Lair:2   | 8737 ||| Stepping ~*~*~tactically~*~*~ (stealth).
  8748 | Lair:2   | Found a staircase to the Shoals.
  8749 | Lair:2   | 8749 ||| INVOKING Heroism.
  8776 | Lair:2   | Reached XP level 12. HP: 73/73 MP: 17/17
  8808 | Lair:2   | 8808 ||| INVOKING Heroism.
  8862 | Lair:2   | 8862 ||| INVOKING Heroism.
  8907 | Lair:2   | Found a staircase to the Snake Pit.
  8913 | Lair:2   | Identified the +1 cloak of Ubraulap {+Blink rPois Str-2}
                  | (Okawaru gifted it to you on level 2 of the Lair of Beasts)
  8913 | Lair:2   | Received a gift from Okawaru
  9041 | Lair:2   | 9041 ||| Stepping ~*~*~tactically~*~*~ (stealth).
  9042 | Lair:2   | 9042 ||| Stepping ~*~*~tactically~*~*~ (stealth).
  9091 | Lair:2   | 9091 ||| INVOKING Heroism.
  9122 | Lair:2   | Reached skill level 9 in Invocations
  9543 | Lair:2   | 9543 ||| READING scroll of enchant armour.
  9543 | Lair:2   | 9543 ||| ENCHANTING +1 pair of gloves.
  9617 | Lair:2   | 9617 ||| READING scroll labelled JIROZUUXTO.
  9646 | Lair:3   | Noticed Gastronok
  9646 | Lair:3   | Noticed a death yak
  9647 | Lair:3   | 9647 ||| INVOKING Heroism.
  9648 | Lair:3   | 9648 ||| INVOKING Finesse.
  9648 | Lair:3   | Noticed a death yak
  9649 | Lair:3   | 9649 ||| INVOKING Finesse.
  9650 | Lair:3   | Noticed a death yak
  9658 | Lair:3   | Killed a death yak
  9671 | Lair:3   | Killed a death yak
  9678 | Lair:3   | Killed a death yak
  9679 | Lair:3   | Reached skill level 9 in Fighting
  9685 | Lair:3   | Killed Gastronok
  9716 | Lair:3   | 9716 ||| Stepping ~*~*~tactically~*~*~ (stealth).
  9718 | Lair:3   | 9718 ||| INVOKING Heroism.
  9766 | Lair:3   | Reached XP level 13. HP: 80/80 MP: 20/20
  9831 | Lair:3   | Noticed Nergalle
  9832 | Lair:3   | 9832 ||| INVOKING Heroism.
  9851 | Lair:3   | Killed Nergalle
  9852 | Lair:3   | Reached skill level 12 in Axes
 10131 | Lair:3   | Noticed Fannar
 10142 | Lair:3   | Killed Fannar
 10272 | Lair:3   | 10272 ||| INVOKING Heroism.
 10444 | Lair:3   | 10444 ||| INVOKING Heroism.
 10460 | Lair:3   | Received a gift from Okawaru
 10612 | Lair:4   | 10612 ||| INVOKING Heroism.
 10821 | Lair:4   | 10821 ||| Stepping ~*~*~tactically~*~*~ (stealth).
 10823 | Lair:4   | 10823 ||| Stepping ~*~*~tactically~*~*~ (stealth).
 10826 | Lair:4   | 10826 ||| Stepping ~*~*~tactically~*~*~ (stealth).
 10828 | Lair:4   | 10828 ||| INVOKING Heroism.
 10839 | Lair:4   | 10839 ||| Stepping ~*~*~tactically~*~*~ (stealth).
 10966 | Lair:4   | 10966 ||| READING scroll of enchant armour.
 10966 | Lair:4   | 10966 ||| ENCHANTING +0 helmet.
 11101 | Lair:4   | 11101 ||| Stepping ~*~*~tactically~*~*~ (stealth).
 11144 | Lair:4   | 11144 ||| INVOKING Heroism.
 11243 | Lair:4   | Found a staircase to the Slime Pits.
 11243 | Lair:4   | Found a viscous altar of Jiyva.
 11572 | Lair:4   | 11572 ||| DROPPING +1 cloak of Ubraulap {+Blink rPois
                  | Str-2}.
 11573 | Lair:4   | 11573 ||| DROPPING +6 ring of intelligence.
 11574 | Lair:4   | 11574 ||| READING scroll labelled AVEGIKEMOA.
 11575 | Lair:4   | 11575 ||| READING scroll labelled OTIRPH GETTOOT.
 11576 | Lair:4   | 11576 ||| READING 7 scrolls of identify.
 11576 | Lair:4   | 11576 ||| IDENTIFYING murky cyan potion
 11577 | Lair:4   | 11577 ||| DROPPING potion of berserk rage.
 11603 | Lair:5   | Entered Level 5 of the Lair of Beasts
 11604 | Lair:5   | 11604 ||| INVOKING Heroism.
 11613 | Lair:5   | 11613 ||| Stepping ~*~*~tactically~*~*~ (stealth).
 11624 | Lair:5   | 11624 ||| Stepping ~*~*~tactically~*~*~ (stealth).
 11652 | Lair:5   | 11652 ||| INVOKING Heroism.
 11680 | Lair:5   | 11680 ||| Stepping ~*~*~tactically~*~*~ (stealth).
 11697 | Lair:5   | 11697 ||| Stepping ~*~*~tactically~*~*~ (stealth).
 11786 | Lair:5   | 11786 ||| INVOKING Heroism.
 11842 | Lair:5   | 11842 ||| INVOKING Finesse.
 11854 | Lair:5   | 11854 ||| INVOKING Heroism.
 11856 | Lair:5   | Gained mutation: Your large and strong wings let you fly.
                  | [Gargoyle growth]
 11856 | Lair:5   | Reached XP level 14. HP: 66/88 MP: 14/21
 11856 | Lair:5   | Identified the +0 hat "Unuoxaqu" {rC++ Will+++ Int-3}
                  | (Okawaru gifted it to you on level 5 of the Lair of Beasts)
 11856 | Lair:5   | Received a gift from Okawaru
 11857 | Lair:5   | Reached skill level 12 in Armour
 11889 | Lair:5   | 11889 ||| Stepping ~*~*~tactically~*~*~ (stealth).
 11910 | Lair:5   | 11910 ||| Stepping ~*~*~tactically~*~*~ (stealth).
 11911 | Lair:5   | 11911 ||| Stepping ~*~*~tactically~*~*~ (stealth).
 11913 | Lair:5   | 11913 ||| Stepping ~*~*~tactically~*~*~ (hiding).
 11947 | Lair:5   | 11947 ||| READING scroll of enchant armour.
 11947 | Lair:5   | 11947 ||| ENCHANTING +1 helmet.
 11994 | Lair:5   | 11994 ||| FLEEEEING.
 12037 | Lair:5   | 12037 ||| Stepping ~*~*~tactically~*~*~ (stealth).
 12079 | Lair:5   | 12079 ||| Stepping ~*~*~tactically~*~*~ (stealth).
 12081 | Lair:5   | 12081 ||| Stepping ~*~*~tactically~*~*~ (stealth).
 12086 | Lair:5   | 12086 ||| Stepping ~*~*~tactically~*~*~ (stealth).
 12103 | Lair:5   | Identified the +5 quarterstaff "qw's Death" {flame, rF+
                  | Int+3}
 12127 | Lair:5   | Found a transporter.
 12133 | Lair:5   | 12133 ||| Stepping ~*~*~tactically~*~*~ (stealth).
 12135 | Lair:5   | 12135 ||| Stepping ~*~*~tactically~*~*~ (stealth).
 12137 | Lair:5   | 12137 ||| Stepping ~*~*~tactically~*~*~ (stealth).
 12139 | Lair:5   | 12139 ||| Stepping ~*~*~tactically~*~*~ (stealth).
 12254 | Lair:5   | 12254 ||| Stepping ~*~*~tactically~*~*~ (stealth).
 12302 | Lair:5   | 12302 ||| FLEEEEING.
 12303 | Lair:5   | 12303 ||| FLEEEEING.
 12304 | Lair:5   | 12304 ||| FLEEEEING.
 12305 | Lair:5   | 12305 ||| FLEEEEING.
 12306 | Lair:5   | 12306 ||| FLEEEEING.
 12307 | Lair:5   | 12307 ||| FLEEEEING.
 12309 | Lair:5   | 12309 ||| FLEEEEING.
 12310 | Lair:5   | 12310 ||| FLEEEEING.
 12311 | Lair:5   | 12311 ||| FLEEEEING.
 12312 | Lair:5   | 12312 ||| FLEEEEING.
 12313 | Lair:5   | 12313 ||| FLEEEEING.
 12314 | Lair:5   | 12314 ||| FLEEEEING.
 12315 | Lair:5   | 12315 ||| FLEEEEING.
 12316 | Lair:5   | 12316 ||| FLEEEEING.
 12317 | Lair:5   | 12317 ||| FLEEEEING.
 12318 | Lair:5   | 12318 ||| STAIRDANCE
 12322 | Lair:5   | 12322 ||| STAIRDANCE
 12324 | Lair:4   | 12324 ||| INVOKING Heroism.
 12354 | Lair:5   | Found a transporter.
 12358 | Lair:5   | Noticed qw's ghost (journeyman GrFi)
 12423 | Lair:5   | 12423 ||| Stepping ~*~*~tactically~*~*~ (stealth).
 12432 | Lair:5   | 12432 ||| INVOKING Heroism.
 12433 | Lair:5   | 12433 ||| INVOKING Finesse.
 12437 | Lair:5   | 12437 ||| Stepping ~*~*~tactically~*~*~ (stealth).
 12468 | Lair:5   | 12468 ||| INVOKING Finesse.
 12629 | Lair:5   | 12629 ||| Stepping ~*~*~tactically~*~*~ (stealth).
 12877 | Lair:5   | 12877 ||| PLANNING D:1-11
 13040 | D:9      | Found a broken altar of Ashenzari.
 13074 | D:9      | 13074 ||| Stepping ~*~*~tactically~*~*~ (hiding).
 13323 | D:9      | 13323 ||| Stepping ~*~*~tactically~*~*~ (stealth).
 13327 | D:9      | 13327 ||| Stepping ~*~*~tactically~*~*~ (stealth).
 13422 | D:9      | Identified the +1 robe of Relativism {-Tele Str+4 Dex+2}
 13814 | D:9      | 13814 ||| READING 9 scrolls of identify.
 13814 | D:9      | 13814 ||| IDENTIFYING amethyst potion
 13815 | D:9      | 13815 ||| DROPPING potion of brilliance.
 13833 | D:10     | Entered Level 10 of the Dungeon
 13879 | D:10     | 13879 ||| Stepping ~*~*~tactically~*~*~ (hiding).
 13893 | D:10     | Reached skill level 12 in Shields
 14343 | D:10     | Found a hide-covered altar of Uskayaw.
 14346 | D:10     | 14346 ||| Stepping ~*~*~tactically~*~*~ (stealth).
 14350 | D:10     | 14350 ||| Stepping ~*~*~tactically~*~*~ (hiding).
 14351 | D:10     | 14351 ||| Stepping ~*~*~tactically~*~*~ (hiding).
 14555 | D:10     | Found a shadowy altar of Dithmenos.
 14558 | D:10     | Found a hazy altar of Hepliaklqana.
 14558 | D:10     | Found a radiant altar of Vehumet.
 14669 | D:10     | 14669 ||| DROPPING +1 helmet.
 14699 | D:11     | Found a snail-covered altar of Cheibriados.
 14882 | D:11     | Found a staircase to the Orcish Mines.
 15072 | D:11     | 15072 ||| Stepping ~*~*~tactically~*~*~ (hiding).
 15074 | D:11     | 15074 ||| Stepping ~*~*~tactically~*~*~ (hiding).
 15075 | D:11     | 15075 ||| Stepping ~*~*~tactically~*~*~ (hiding).
 15076 | D:11     | 15076 ||| Stepping ~*~*~tactically~*~*~ (hiding).
 15400 | D:11     | 15400 ||| PLANNING D
 15400 | D:11     | 15400 ||| DROPPING amulet of magic regeneration.
 15447 | D:12     | 15447 ||| Stepping ~*~*~tactically~*~*~ (hiding).
 15450 | D:12     | 15450 ||| Stepping ~*~*~tactically~*~*~ (hiding).
 15462 | D:12     | 15462 ||| Stepping ~*~*~tactically~*~*~ (hiding).
 15473 | D:12     | 15473 ||| Stepping ~*~*~tactically~*~*~ (hiding).
 15474 | D:12     | 15474 ||| Stepping ~*~*~tactically~*~*~ (hiding).
 15636 | D:12     | 15636 ||| Stepping ~*~*~tactically~*~*~ (hiding).
 15658 | D:12     | 15658 ||| INVOKING Heroism.
 15681 | D:12     | Received a gift from Okawaru
 15724 | D:12     | 15724 ||| Stepping ~*~*~tactically~*~*~ (stealth).
 15841 | D:12     | 15841 ||| Stepping ~*~*~tactically~*~*~ (hiding).
 15982 | D:12     | 15982 ||| Stepping ~*~*~tactically~*~*~ (stealth).
 15987 | D:12     | 15987 ||| FLEEEEING.
 15989 | D:12     | 15989 ||| FLEEEEING.
 15991 | D:12     | 15991 ||| FLEEEEING.
 16337 | D:13     | 16337 ||| Stepping ~*~*~tactically~*~*~ (hiding).
 16351 | D:13     | Identified the +2 ring mail "Neesisk" {Will+ Dex+4}
                  | (Okawaru gifted it to you on level 13 of the Dungeon)
 16351 | D:13     | Received a gift from Okawaru
 16352 | D:13     | Reached XP level 15. HP: 84/94 MP: 22/22
 16446 | D:13     | 16446 ||| Stepping ~*~*~tactically~*~*~ (stealth).
 16449 | D:13     | 16449 ||| Stepping ~*~*~tactically~*~*~ (stealth).
 16451 | D:13     | 16451 ||| Stepping ~*~*~tactically~*~*~ (stealth).
 16499 | D:13     | 16499 ||| Stepping ~*~*~tactically~*~*~ (stealth).
 16603 | D:13     | 16603 ||| Stepping ~*~*~tactically~*~*~ (hiding).
 16604 | D:13     | 16604 ||| Stepping ~*~*~tactically~*~*~ (hiding).
 16645 | D:13     | 16645 ||| INVOKING Heroism.
 16654 | D:13     | Reached skill level 15 in Axes
 16831 | D:13     | Noticed Nessos
 16832 | D:13     | 16832 ||| INVOKING Finesse.
 16857 | D:13     | Killed Nessos
 17026 | D:13     | 17026 ||| Stepping ~*~*~tactically~*~*~ (hiding).
 17036 | D:13     | 17036 ||| Stepping ~*~*~tactically~*~*~ (hiding).
 17047 | D:13     | 17047 ||| Stepping ~*~*~tactically~*~*~ (hiding).
 17288 | D:13     | 17288 ||| UPGRADING to +0 pair of boots.
 17293 | D:13     | 17293 ||| READING 2 scrolls of enchant armour.
 17293 | D:13     | 17293 ||| ENCHANTING +0 pair of boots.
 17294 | D:13     | 17294 ||| READING scroll of enchant armour.
 17294 | D:13     | 17294 ||| ENCHANTING +1 pair of boots.
 17358 | D:14     | 17358 ||| Stepping ~*~*~tactically~*~*~ (stealth).
 17394 | D:14     | 17394 ||| INVOKING Heroism.
 17490 | D:14     | Reached skill level 6 in Throwing
 17559 | D:14     | Found a gate to the Vaults.
 18050 | D:15     | Entered Level 15 of the Dungeon
 18151 | D:15     | 18151 ||| INVOKING Heroism.
 18216 | D:15     | Found an ancient bone altar of Kikubaaqudgha.
 18226 | D:15     | 18226 ||| Stepping ~*~*~tactically~*~*~ (hiding).
 18227 | D:15     | 18227 ||| Stepping ~*~*~tactically~*~*~ (hiding).
 18228 | D:15     | 18228 ||| Stepping ~*~*~tactically~*~*~ (hiding).
 18282 | D:15     | 18282 ||| Stepping ~*~*~tactically~*~*~ (hiding).
 18283 | D:15     | 18283 ||| INVOKING Heroism.
 18359 | D:15     | 18359 ||| Stepping ~*~*~tactically~*~*~ (hiding).
 18370 | D:15     | Reached skill level 12 in Fighting
 18413 | D:15     | 18413 ||| Stepping ~*~*~tactically~*~*~ (hiding).
 18475 | D:15     | Found a staircase to the Depths.
 18476 | D:15     | Noticed a fire giant
 18486 | D:15     | 18486 ||| INVOKING Heroism.
 18489 | D:15     | Killed a fire giant
 18656 | D:15     | 18656 ||| DROPPING +1 war axe.
 18842 | D:15     | 18842 ||| PLANNING ORC
 18927 | Orc:1    | Entered Level 1 of the Orcish Mines
 18927 | Orc:1    | Noticed an orc warlord
 18928 | Orc:1    | 18928 ||| INVOKING Heroism.
 18929 | Orc:1    | 18929 ||| INVOKING Finesse.
 18947 | Orc:1    | Killed an orc warlord
 18965 | Orc:1    | 18965 ||| Stepping ~*~*~tactically~*~*~ (hiding).
 18966 | Orc:1    | 18966 ||| Stepping ~*~*~tactically~*~*~ (stealth).
 18985 | Orc:1    | 18985 ||| Stepping ~*~*~tactically~*~*~ (stealth).
 18986 | Orc:1    | 18986 ||| Stepping ~*~*~tactically~*~*~ (stealth).
 19021 | Orc:1    | 19021 ||| Stepping ~*~*~tactically~*~*~ (stealth).
 19032 | Orc:1    | Found Pecith's Jewellery Boutique.
 19042 | Orc:1    | 19042 ||| BUYING +5 ring of evasion (504 gold).
 19042 | Orc:1    | Bought a +5 ring of evasion for 504 gold pieces
 19042 | Orc:1    | 19042 ||| BUYING ring of fire (350 gold).
 19042 | Orc:1    | Bought a ring of fire for 350 gold pieces
 19042 | Orc:1    | 19042 ||| SHOPLISTING ring of protection from cold (350
                  | gold, have 226).
 19145 | Orc:1    | 19145 ||| INVOKING Heroism.
 19196 | Orc:1    | 19196 ||| Stepping ~*~*~tactically~*~*~ (hiding).
 19198 | Orc:1    | 19198 ||| INVOKING Heroism.
 19205 | Orc:1    | Received a gift from Okawaru
 19218 | Orc:1    | 19218 ||| DROPPING +1 heavy war axe.
 19236 | Orc:1    | Noticed Snorg
 19245 | Orc:1    | 19245 ||| INVOKING Heroism.
 19251 | Orc:1    | Killed Snorg
 19278 | Orc:1    | Found a radiant altar of Vehumet.
 19292 | Orc:1    | Noticed Urug
 19293 | Orc:1    | 19293 ||| INVOKING Heroism.
 19294 | Orc:1    | 19294 ||| INVOKING Finesse.
 19296 | Orc:1    | Noticed Maurice
 19303 | Orc:1    | Killed Urug
 19310 | Orc:1    | Killed Maurice
 19443 | Orc:1    | 19443 ||| Stepping ~*~*~tactically~*~*~ (stealth).
 19564 | Orc:1    | 19564 ||| DROPPING ring of positive energy.
 19565 | Orc:1    | 19565 ||| UPGRADING to +5 ring of evasion.
 19567 | Orc:1    | 19567 ||| UPGRADING to +2 hat of see invisible.
 19577 | Orc:1    | 19577 ||| DROPPING ring "Loarixt" {Fly rPois Str-5 SInv}.
 19607 | Orc:2    | Entered Level 2 of the Orcish Mines
 19608 | Orc:2    | 19608 ||| PLANNING BAZAAR
 19609 | Orc:2    | 19609 ||| Stepping ~*~*~tactically~*~*~ (stealth).
 19611 | Orc:2    | 19611 ||| INVOKING Heroism.
 19615 | Orc:2    | Found Wecrecix's Antique Weapon Emporium.
 19644 | Orc:2    | Reached XP level 16. HP: 65/101 MP: 23/23
 19721 | Orc:2    | 19721 ||| Stepping ~*~*~tactically~*~*~ (stealth).
 19728 | Orc:2    | 19728 ||| Stepping ~*~*~tactically~*~*~ (hiding).
 19749 | Orc:2    | 19749 ||| Stepping ~*~*~tactically~*~*~ (stealth).
 19791 | Orc:2    | 19791 ||| Stepping ~*~*~tactically~*~*~ (stealth).
 19794 | Orc:2    | 19794 ||| INVOKING Heroism.
 19800 | Orc:2    | Found a staircase to the Elven Halls.
 19834 | Orc:2    | Found Qisaupoh's Jewellery Shop.
 19873 | Orc:2    | 19873 ||| BUYING ring of protection from cold (375 gold).
 19873 | Orc:2    | Bought a ring of protection from cold for 375 gold pieces
 19873 | Orc:2    | 19873 ||| SHOPLISTING ring of protection from fire (375
                  | gold, have 216).
 19873 | Orc:2    | 19873 ||| SHOPLISTING ring of resist corrosion (300 gold,
                  | have 216).
 19929 | Orc:2    | 19929 ||| INVOKING Heroism.
 19934 | Orc:2    | Found Beahic's General Store.
 19965 | Orc:2    | 19965 ||| INVOKING Heroism.
 20007 | Orc:2    | 20007 ||| BUYING potion of curing (33 gold).
 20007 | Orc:2    | Bought a potion of curing for 33 gold pieces
 20007 | Orc:2    | 20007 ||| BUYING scroll of enchant weapon (82 gold).
 20007 | Orc:2    | Bought a scroll of enchant weapon for 82 gold pieces
 20081 | Orc:2    | 20081 ||| INVOKING Heroism.
 20150 | Orc:2    | Found Nimiros's Antique Armour Shop.
 20159 | Orc:2    | 20159 ||| SHOPLISTING distressingly furry helmet (275 gold,
                  | have 189).
 20223 | Orc:2    | Found a flickering gateway to a bazaar.
 20224 | Orc:2    | 20224 ||| DROPPING ring of ice.
 20233 | Bazaar   | Entered a bazaar
 20233 | Bazaar   | Found Sukyodipn's Antique Armour Emporium.
 20245 | Bazaar   | Found Seipyosk's Antique Weapon Emporium.
 20256 | Bazaar   | Found Edot's Distillery.
 20264 | Bazaar   | 20264 ||| BUYING potion of curing (33 gold).
 20264 | Bazaar   | Bought a potion of curing for 33 gold pieces
 20264 | Bazaar   | 20264 ||| BUYING potion of haste (110 gold).
 20264 | Bazaar   | Bought a potion of haste for 110 gold pieces
 20264 | Bazaar   | 20264 ||| BUYING potion of heal wounds (55 gold).
 20264 | Bazaar   | Bought a potion of heal wounds for 55 gold pieces
 20264 | Bazaar   | Found Reifewn's General Store.
 20293 | Bazaar   | Found Ateilo's Jewellery Shop.
 20309 | Orc:2    | 20309 ||| PLANNING ORC
 20343 | Orc:1    | Noticed Harold
 20352 | Orc:1    | Killed Harold
 20597 | Orc:2    | 20597 ||| INVOKING Heroism.
 20658 | Orc:2    | 20658 ||| PLANNING SNAKE:1-3
 20810 | Snake:1  | Entered Level 1 of the Snake Pit
 20916 | Snake:1  | Received a gift from Okawaru
 21053 | Snake:1  | 21053 ||| Stepping ~*~*~tactically~*~*~ (stealth).
 21074 | Snake:1  | 21074 ||| Stepping ~*~*~tactically~*~*~ (hiding).
 21078 | Snake:1  | 21078 ||| Stepping ~*~*~tactically~*~*~ (hiding).
 21087 | Snake:1  | 21087 ||| INVOKING Heroism.
 21098 | Snake:1  | 21098 ||| Stepping ~*~*~tactically~*~*~ (hiding).
 21099 | Snake:1  | 21099 ||| Stepping ~*~*~tactically~*~*~ (hiding).
 21120 | Snake:1  | Received a gift from Okawaru
 21160 | Snake:1  | 21160 ||| Stepping ~*~*~tactically~*~*~ (hiding).
 21217 | Snake:1  | 21217 ||| Stepping ~*~*~tactically~*~*~ (hiding).
 21219 | Snake:1  | 21219 ||| Stepping ~*~*~tactically~*~*~ (hiding).
 21221 | Snake:1  | 21221 ||| Stepping ~*~*~tactically~*~*~ (hiding).
 21407 | Snake:1  | Identified the +0 robe of the Cockatrice {rC- Will+ Stlth+}
 21481 | Snake:1  | 21481 ||| Stepping ~*~*~tactically~*~*~ (hiding).
 21493 | Snake:1  | 21493 ||| Stepping ~*~*~tactically~*~*~ (stealth).
 21494 | Snake:1  | 21494 ||| Stepping ~*~*~tactically~*~*~ (stealth).
 21930 | Snake:1  | 21930 ||| UPGRADING to +2 kite shield of positive energy.
 21940 | Snake:1  | 21940 ||| DROPPING +0 kite shield.
 21997 | Snake:2  | 21997 ||| INVOKING Heroism.
 21998 | Snake:2  | Noticed Vashnia
 22030 | Snake:2  | HP: 13/104 [Vashnia/bolt (17)]
 22031 | Snake:2  | 22031 ||| READING 11 scrolls of teleportation.
 22032 | Snake:2  | 22032 ||| DRINKING 7 potions of heal wounds.
 22034 | Snake:2  | 22034 ||| INVOKING Heroism.
 22147 | Snake:2  | 22147 ||| Stepping ~*~*~tactically~*~*~ (hiding).
 22271 | Snake:2  | 22271 ||| Stepping ~*~*~tactically~*~*~ (hiding).
 22272 | Snake:2  | 22272 ||| Stepping ~*~*~tactically~*~*~ (hiding).
 22308 | Snake:2  | 22308 ||| Stepping ~*~*~tactically~*~*~ (hiding).
 22340 | Snake:2  | Noticed Aizul
 22341 | Snake:2  | 22341 ||| Stepping ~*~*~tactically~*~*~ (hiding).
 22343 | Snake:2  | 22343 ||| INVOKING Heroism.
 22370 | Snake:2  | Killed Aizul
 22438 | Snake:2  | Reached skill level 15 in Armour
 22544 | Snake:2  | 22544 ||| Stepping ~*~*~tactically~*~*~ (hiding).
 22549 | Snake:2  | 22549 ||| INVOKING Heroism.
 22590 | Snake:2  | Identified the +3 ring mail of Sirchurim {Contam rN+ Dex+2}
 22621 | Snake:2  | 22621 ||| Stepping ~*~*~tactically~*~*~ (hiding).
 22723 | Snake:2  | 22723 ||| READING scroll of acquirement.
 22723 | Snake:2  | 22723 ||| ACQUIRING 790 gold pieces
 22723 | Snake:2  | Acquired 790 gold pieces
 22808 | Snake:2  | 22808 ||| Stepping ~*~*~tactically~*~*~ (hiding).
 22811 | Snake:2  | 22811 ||| Stepping ~*~*~tactically~*~*~ (hiding).
 22819 | Snake:2  | 22819 ||| INVOKING Heroism.
 22828 | Snake:2  | 22828 ||| Stepping ~*~*~tactically~*~*~ (hiding).
 22914 | Snake:2  | Received a gift from Okawaru
 22953 | Snake:2  | 22953 ||| Stepping ~*~*~tactically~*~*~ (hiding).
 22957 | Snake:2  | 22957 ||| INVOKING Heroism.
 22991 | Snake:2  | Killed Vashnia
 23000 | Snake:2  | Received a gift from Okawaru
 23009 | Snake:2  | 23009 ||| DROPPING +1 war axe of holy wrath.
 23122 | Snake:2  | 23122 ||| Stepping ~*~*~tactically~*~*~ (stealth).
 23125 | Snake:2  | 23125 ||| Stepping ~*~*~tactically~*~*~ (stealth).
 23291 | Snake:2  | 23291 ||| UPGRADING to +0 tower shield.
 23301 | Snake:2  | 23301 ||| DROPPING +2 kite shield of positive energy.
 23355 | Snake:3  | 23355 ||| Stepping ~*~*~tactically~*~*~ (hiding).
 23371 | Snake:3  | 23371 ||| Stepping ~*~*~tactically~*~*~ (hiding).
 23406 | Snake:3  | 23406 ||| Stepping ~*~*~tactically~*~*~ (hiding).
 23527 | Snake:3  | 23527 ||| Stepping ~*~*~tactically~*~*~ (hiding).
 23535 | Snake:3  | Reached XP level 17. HP: 111/111 MP: 24/24
 23548 | Snake:3  | Found Fuqusol Hyku's Book Boutique.
 23560 | Snake:3  | 23560 ||| Stepping ~*~*~tactically~*~*~ (hiding).
 23601 | Snake:3  | 23601 ||| Stepping ~*~*~tactically~*~*~ (hiding).
 23637 | Snake:3  | 23637 ||| Stepping ~*~*~tactically~*~*~ (hiding).
 23639 | Snake:3  | 23639 ||| Stepping ~*~*~tactically~*~*~ (hiding).
 23681 | Snake:3  | Found a frozen archway.
 23682 | Snake:3  | 23682 ||| INVOKING Heroism.
 23683 | Snake:3  | 23683 ||| INVOKING Finesse.
 23808 | Snake:3  | 23808 ||| Stepping ~*~*~tactically~*~*~ (hiding).
 23840 | Snake:3  | Reached skill level 15 in Shields
 23882 | Snake:3  | 23882 ||| Stepping ~*~*~tactically~*~*~ (hiding).
 23883 | Snake:3  | 23883 ||| Stepping ~*~*~tactically~*~*~ (hiding).
 23884 | Snake:3  | 23884 ||| Stepping ~*~*~tactically~*~*~ (hiding).
 23899 | Snake:3  | 23899 ||| Stepping ~*~*~tactically~*~*~ (hiding).
 24236 | Snake:3  | 24236 ||| Stepping ~*~*~tactically~*~*~ (hiding).
 24263 | Snake:3  | Received a gift from Okawaru
 24271 | Snake:3  | 24271 ||| INVOKING Heroism.
 24834 | Snake:3  | 24834 ||| PLANNING SHOALS:1-3
 24834 | Snake:3  | 24834 ||| READING scroll labelled FUGAOGE CITEH.
 24958 | Shoals:1 | Entered Level 1 of the Shoals
 24966 | Shoals:1 | 24966 ||| Stepping ~*~*~tactically~*~*~ (hiding).
 24999 | Shoals:1 | Noticed Mlioglotl
 25000 | Shoals:1 | 25000 ||| INVOKING Heroism.
 25001 | Shoals:1 | 25001 ||| INVOKING Finesse.
 25013 | Shoals:1 | Killed Mlioglotl
 25075 | Shoals:1 | Received a gift from Okawaru
 25078 | Shoals:1 | 25078 ||| INVOKING Heroism.
 25131 | Shoals:1 | 25131 ||| Stepping ~*~*~tactically~*~*~ (hiding).
 25134 | Shoals:1 | 25134 ||| INVOKING Heroism.
 25526 | Shoals:1 | Found a runed translucent gate.
 25526 | Shoals:1 | Found a runed translucent gate.
 25526 | Shoals:1 | Found a runed translucent gate.
 25527 | Shoals:1 | Found an opulent altar of Gozag.
 25528 | Shoals:1 | Noticed Liimbo's ghost (adept FoWn)
 25530 | Shoals:1 | Found Pifasom's Assorted Antiques.
 25530 | Shoals:1 | Found Ceuc's Assorted Antiques.
 25718 | Shoals:2 | 25718 ||| Stepping ~*~*~tactically~*~*~ (hiding).
 25763 | Shoals:2 | 25763 ||| Stepping ~*~*~tactically~*~*~ (hiding).
 25885 | Shoals:2 | 25885 ||| Stepping ~*~*~tactically~*~*~ (hiding).
 25887 | Shoals:2 | 25887 ||| Stepping ~*~*~tactically~*~*~ (hiding).
 25888 | Shoals:2 | 25888 ||| Stepping ~*~*~tactically~*~*~ (hiding).
 25889 | Shoals:2 | 25889 ||| Stepping ~*~*~tactically~*~*~ (hiding).
 26120 | Shoals:2 | 26120 ||| INVOKING Heroism.
 26121 | Shoals:2 | 26121 ||| INVOKING Finesse.
 26176 | Shoals:2 | Found Unninyole's Jewellery Shop.
 26179 | Shoals:2 | 26179 ||| BUYING amulet of faith (440 gold).
 26179 | Shoals:2 | Bought an amulet of faith for 440 gold pieces
 26179 | Shoals:2 | 26179 ||| BUYING amulet of reflection (330 gold).
 26179 | Shoals:2 | Bought an amulet of reflection for 330 gold pieces
 26603 | Shoals:2 | 26603 ||| UPGRADING to amulet of faith.
 26613 | Shoals:2 | 26613 ||| DROPPING amulet of regeneration.
 26822 | Shoals:3 | 26822 ||| Stepping ~*~*~tactically~*~*~ (stealth).
 26935 | Shoals:3 | 26935 ||| INVOKING Heroism.
 26939 | Shoals:3 | 26939 ||| INVOKING Finesse.
 26985 | Shoals:3 | Reached skill level 18 in Shields
 27131 | Shoals:3 | 27131 ||| INVOKING Heroism.
 27132 | Shoals:3 | 27132 ||| INVOKING Finesse.
 27391 | Shoals:3 | 27391 ||| INVOKING Heroism.
 27444 | Shoals:3 | 27444 ||| INVOKING Heroism.
 27771 | Shoals:3 | 27771 ||| PLANNING SNAKE:4
 27996 | Snake:4  | Entered Level 4 of the Snake Pit
 28014 | Snake:4  | 28014 ||| INVOKING Heroism.
 28021 | Snake:4  | Reached XP level 18. HP: 58/116 MP: 23/25
 28022 | Snake:4  | HP: 11/116 [naga/+0 war axe (23)]
 28023 | Snake:4  | 28023 ||| READING 13 scrolls of teleportation.
 28023 | Snake:4  | HP: 5/116 [constriction (6)]
 28024 | Snake:4  | 28024 ||| DRINKING 9 potions of heal wounds.
 28026 | Snake:4  | 28026 ||| DRINKING 8 potions of heal wounds.
 28027 | Snake:4  | 28027 ||| DRINKING 7 potions of heal wounds.
 28031 | Snake:4  | HP: 24/116 [naga sharpshooter/arrow (7)]
 28032 | Snake:4  | 28032 ||| READING 12 scrolls of teleportation.
 28033 | Snake:4  | 28033 ||| DRINKING 6 potions of heal wounds.
 28327 | Snake:4  | 28327 ||| INVOKING Heroism.
 28358 | Snake:4  | Received a gift from Okawaru
 28418 | Snake:4  | 28418 ||| INVOKING Heroism.
 28548 | Snake:4  | 28548 ||| INVOKING Heroism.
 28574 | Snake:4  | HP: 24/116 [nagaraja/+0 whip (8)]
 28575 | Snake:4  | 28575 ||| READING 11 scrolls of teleportation.
 28575 | Snake:4  | HP: 10/116 [nagaraja/poison arrow (5)]
 28576 | Snake:4  | 28576 ||| DRINKING 5 potions of heal wounds.
 28577 | Snake:4  | 28577 ||| DRINKING 4 potions of heal wounds.
 28578 | Snake:4  | 28578 ||| DRINKING 3 potions of heal wounds.
 28583 | Snake:4  | HP: 28/116 [nagaraja/+0 spear (5)]
 28584 | Snake:4  | 28584 ||| READING 10 scrolls of teleportation.
 28585 | Snake:4  | 28585 ||| DRINKING 2 potions of heal wounds.
 28587 | Snake:4  | Found an ornate altar of the Wu Jian Council.
 28606 | Snake:4  | 28606 ||| FLEEEEING.
 28616 | Snake:4  | 28616 ||| STAIRDANCE
 28809 | Snake:4  | 28809 ||| INVOKING Heroism.
 28877 | Snake:4  | 28877 ||| Stepping ~*~*~tactically~*~*~ (hiding).
 28900 | Snake:4  | 28900 ||| Stepping ~*~*~tactically~*~*~ (stealth).
 28902 | Snake:4  | 28902 ||| Stepping ~*~*~tactically~*~*~ (hiding).
 28904 | Snake:4  | 28904 ||| Stepping ~*~*~tactically~*~*~ (hiding).
 29042 | Snake:4  | 29042 ||| INVOKING Heroism.
 29093 | Snake:4  | 29093 ||| Stepping ~*~*~tactically~*~*~ (hiding).
 29114 | Snake:4  | 29114 ||| INVOKING Heroism.
 29123 | Snake:4  | 29123 ||| Stepping ~*~*~tactically~*~*~ (hiding).
 29125 | Snake:4  | 29125 ||| Stepping ~*~*~tactically~*~*~ (hiding).
 29146 | Snake:4  | Reached skill level 15 in Fighting
 29181 | Snake:4  | 29181 ||| INVOKING Heroism.
 29202 | Snake:4  | Received a gift from Okawaru
 29312 | Snake:4  | 29312 ||| DROPPING +0 war axe of pain.
 29318 | Snake:4  | Got a serpentine rune of Zot
 29403 | Snake:4  | 29403 ||| Stepping ~*~*~tactically~*~*~ (stealth).
 29405 | Snake:4  | 29405 ||| Stepping ~*~*~tactically~*~*~ (hiding).
 29406 | Snake:4  | 29406 ||| Stepping ~*~*~tactically~*~*~ (hiding).
 29407 | Snake:4  | 29407 ||| Stepping ~*~*~tactically~*~*~ (hiding).
 29409 | Snake:4  | 29409 ||| Stepping ~*~*~tactically~*~*~ (hiding).
 29412 | Snake:4  | 29412 ||| Stepping ~*~*~tactically~*~*~ (hiding).
 29413 | Snake:4  | 29413 ||| Stepping ~*~*~tactically~*~*~ (hiding).
 29414 | Snake:4  | 29414 ||| INVOKING Heroism.
 29448 | Snake:4  | 29448 ||| Stepping ~*~*~tactically~*~*~ (hiding).
 29449 | Snake:4  | 29449 ||| Stepping ~*~*~tactically~*~*~ (hiding).
 29479 | Snake:4  | 29479 ||| INVOKING Heroism.
 29495 | Snake:4  | 29495 ||| Stepping ~*~*~tactically~*~*~ (hiding).
 29497 | Snake:4  | 29497 ||| Stepping ~*~*~tactically~*~*~ (hiding).
 29524 | Snake:4  | 29524 ||| Stepping ~*~*~tactically~*~*~ (hiding).
 29529 | Snake:4  | 29529 ||| Stepping ~*~*~tactically~*~*~ (hiding).
 29530 | Snake:4  | 29530 ||| INVOKING Heroism.
 29553 | Snake:4  | 29553 ||| Stepping ~*~*~tactically~*~*~ (stealth).
 29567 | Snake:4  | 29567 ||| Stepping ~*~*~tactically~*~*~ (stealth).
 29570 | Snake:4  | 29570 ||| Stepping ~*~*~tactically~*~*~ (stealth).
 29573 | Snake:4  | 29573 ||| Stepping ~*~*~tactically~*~*~ (hiding).
 29585 | Snake:4  | 29585 ||| Stepping ~*~*~tactically~*~*~ (hiding).
 29587 | Snake:4  | 29587 ||| Stepping ~*~*~tactically~*~*~ (hiding).
 29588 | Snake:4  | 29588 ||| Stepping ~*~*~tactically~*~*~ (hiding).
 29602 | Snake:4  | 29602 ||| INVOKING Heroism.
 29641 | Snake:4  | 29641 ||| Stepping ~*~*~tactically~*~*~ (hiding).
 29642 | Snake:4  | 29642 ||| Stepping ~*~*~tactically~*~*~ (hiding).
 29644 | Snake:4  | 29644 ||| INVOKING Heroism.
 29825 | Snake:4  | 29825 ||| Stepping ~*~*~tactically~*~*~ (hiding).
 29865 | Snake:4  | 29865 ||| Stepping ~*~*~tactically~*~*~ (hiding).
 29903 | Snake:4  | 29903 ||| INVOKING Heroism.
 30016 | Snake:4  | 30016 ||| Stepping ~*~*~tactically~*~*~ (stealth).
 30020 | Snake:4  | 30020 ||| Stepping ~*~*~tactically~*~*~ (hiding).
 30021 | Snake:4  | 30021 ||| INVOKING Heroism.
 30028 | Snake:4  | Received a gift from Okawaru
 30029 | Snake:4  | Reached skill level 3 in Dodging
 30077 | Snake:4  | 30077 ||| PLANNING VAULTS:1-4
 30380 | Vaults:1 | Entered Level 1 of the Vaults
 30388 | Vaults:1 | 30388 ||| Stepping ~*~*~tactically~*~*~ (hiding).
 30473 | Vaults:1 | 30473 ||| INVOKING Heroism.
 30543 | Vaults:1 | 30543 ||| Stepping ~*~*~tactically~*~*~ (hiding).
 30675 | Vaults:1 | 30675 ||| Stepping ~*~*~tactically~*~*~ (hiding).
 30696 | Vaults:1 | Received a gift from Okawaru
 31108 | Vaults:1 | Reached skill level 9 in Throwing
 31185 | Vaults:1 | 31185 ||| Stepping ~*~*~tactically~*~*~ (stealth).
 31187 | Vaults:1 | 31187 ||| Stepping ~*~*~tactically~*~*~ (hiding).
 31188 | Vaults:1 | 31188 ||| Stepping ~*~*~tactically~*~*~ (hiding).
 31189 | Vaults:1 | 31189 ||| Stepping ~*~*~tactically~*~*~ (hiding).
 31196 | Vaults:1 | Reached XP level 19. HP: 124/124 MP: 26/26
 31250 | Vaults:1 | 31250 ||| Stepping ~*~*~tactically~*~*~ (stealth).
 31285 | Vaults:1 | 31285 ||| Stepping ~*~*~tactically~*~*~ (hiding).
 31395 | Vaults:1 | 31395 ||| READING scroll of acquirement.
 31395 | Vaults:1 | 31395 ||| ACQUIRING +0 cloak of Toidghufa {Str+4 Dex+2}
 31395 | Vaults:1 | Acquired the +0 cloak of Toidghufa {Str+4 Dex+2}
 31464 | Vaults:1 | Identified the +1 hand crossbow of Exchange {heavy, +Blink
                  | Int+5 Dex+4 SInv} (Okawaru gifted it to you on level 1 of
                  | the Vaults)
 31464 | Vaults:1 | Received a gift from Okawaru
 31496 | Vaults:1 | 31496 ||| Stepping ~*~*~tactically~*~*~ (hiding).
 31536 | Vaults:1 | 31536 ||| Stepping ~*~*~tactically~*~*~ (stealth).
 31538 | Vaults:1 | 31538 ||| Stepping ~*~*~tactically~*~*~ (stealth).
 31540 | Vaults:1 | 31540 ||| Stepping ~*~*~tactically~*~*~ (stealth).
 31582 | Vaults:1 | 31582 ||| Stepping ~*~*~tactically~*~*~ (hiding).
 31584 | Vaults:1 | 31584 ||| Stepping ~*~*~tactically~*~*~ (stealth).
 31585 | Vaults:1 | 31585 ||| Stepping ~*~*~tactically~*~*~ (stealth).
 31662 | Vaults:1 | 31662 ||| Stepping ~*~*~tactically~*~*~ (stealth).
 31801 | Vaults:1 | 31801 ||| DROPPING +0 cloak.
 31802 | Vaults:1 | 31802 ||| UPGRADING to +0 cloak of Toidghufa {Str+4 Dex+2}.
 31849 | Vaults:2 | 31849 ||| PLANNING DESOLATION
 31854 | Vaults:2 | Found a crumbling gateway.
 31855 | Vaults:2 | 31855 ||| DROPPING +6 ring of dexterity.
 31864 | Desolati | Entered the Desolation of Salt
 31871 | Desolati | 31871 ||| Stepping ~*~*~tactically~*~*~ (hiding).
 31883 | Desolati | 31883 ||| INVOKING Heroism.
 31903 | Desolati | 31903 ||| Stepping ~*~*~tactically~*~*~ (stealth).
 31904 | Desolati | 31904 ||| Stepping ~*~*~tactically~*~*~ (stealth).
 31905 | Desolati | 31905 ||| Stepping ~*~*~tactically~*~*~ (stealth).
 31906 | Desolati | 31906 ||| Stepping ~*~*~tactically~*~*~ (stealth).
 31937 | Desolati | 31937 ||| INVOKING Heroism.
 31946 | Desolati | Identified the +6 executioner's axe "Pom Cywn" {flame,
                  | Dex+4}
 31957 | Desolati | HP: 31/125 [servant of whispers/the +6 executioner's axe
                  | "Pom Cywn" {flame, Dex+4} (2)]
 31958 | Desolati | 31958 ||| READING 10 scrolls of teleportation.
 31999 | Desolati | 31999 ||| INVOKING Heroism.
 32112 | Desolati | 32112 ||| INVOKING Heroism.
 32113 | Desolati | 32113 ||| INVOKING Finesse.
 32118 | Desolati | Received a gift from Okawaru
 32291 | Desolati | Identified the +0 scimitar of Noon {elec, rCorr Int+3
                  | Dex-4}
 32291 | Desolati | Identified the +2 robe of Avaf {Will++}
 32293 | Desolati | Received a gift from Okawaru
 32296 | Desolati | Reached skill level 18 in Armour
 32541 | Desolati | 32541 ||| Stepping ~*~*~tactically~*~*~ (hiding).
 32543 | Desolati | 32543 ||| Stepping ~*~*~tactically~*~*~ (hiding).
 32557 | Desolati | 32557 ||| Stepping ~*~*~tactically~*~*~ (stealth).
 32561 | Desolati | 32561 ||| Stepping ~*~*~tactically~*~*~ (stealth).
 32642 | Desolati | 32642 ||| Stepping ~*~*~tactically~*~*~ (stealth).
 32671 | Desolati | Received a gift from Okawaru
 32691 | Desolati | Identified the +0 troll leather armour of an ossuary
                  | {+Blink rPois Regen+ Dex-4}
 32717 | Desolati | 32717 ||| Stepping ~*~*~tactically~*~*~ (hiding).
 32719 | Desolati | 32719 ||| Stepping ~*~*~tactically~*~*~ (hiding).
 32720 | Desolati | 32720 ||| Stepping ~*~*~tactically~*~*~ (hiding).
 32746 | Desolati | 32746 ||| INVOKING Heroism.
 32943 | Desolati | 32943 ||| INVOKING Heroism.
 32944 | Desolati | 32944 ||| INVOKING Finesse.
 32949 | Desolati | Received a gift from Okawaru
 33068 | Desolati | Identified the staff of conjuration "Ymmemif" {rF+ rN+
                  | Str+3 Stlth-}
 33075 | Desolati | Found the +8 mithril axe "Arga" {speed, Will+}
 33085 | Desolati | Identified the ring "Kaliacoze" {*Corrode Fly Int+4 Dex+6}
 33089 | Desolati | 33089 ||| SWAPPING to +8 mithril axe "Arga" {speed, Will+}.
 33090 | Desolati | 33090 ||| DROPPING +2 war axe of holy wrath.
 33091 | Desolati | Identified the ring of Secrets {rC+ rN+ EV+5 Str+2}
 33367 | Desolati | 33367 ||| UPGRADING to +0 hat "Unuoxaqu" {rC++ Will+++
                  | Int-3}.
 33377 | Desolati | 33377 ||| DROPPING +2 hat of see invisible.
 33378 | Desolati | 33378 ||| UPGRADING to +2 tower shield of protection.
 33388 | Desolati | 33388 ||| DROPPING +0 tower shield.
 33389 | Desolati | 33389 ||| DROPPING ring of protection from cold.
 33390 | Desolati | 33390 ||| UPGRADING to ring of Secrets {rC+ rN+ EV+5
                  | Str+2}.
 33392 | Desolati | 33392 ||| UPGRADING to +0 helmet of see invisible.
 33402 | Desolati | 33402 ||| READING scroll of enchant armour.
 33402 | Desolati | 33402 ||| ENCHANTING +0 helmet of see invisible.
 33403 | Desolati | 33403 ||| DROPPING ring "Kaliacoze" {*Corrode Fly Int+4
                  | Dex+6}.
 33404 | Desolati | 33404 ||| UPGRADING to +5 ring of evasion.
 33406 | Desolati | 33406 ||| DROPPING +4 ring of protection.
 33407 | Desolati | 33407 ||| DROPPING 2 boomerangs of dispersal.
 33408 | Desolati | 33408 ||| DROPPING 7 silver boomerangs.
 33409 | Desolati | 33409 ||| DROPPING 32 boomerangs.
 33466 | Vaults:2 | 33466 ||| PLANNING VAULTS:1-4
 33788 | Vaults:2 | 33788 ||| Stepping ~*~*~tactically~*~*~ (stealth).
 33789 | Vaults:2 | 33789 ||| INVOKING Heroism.
 33790 | Vaults:2 | 33790 ||| INVOKING Finesse.
 33862 | Vaults:2 | Found a staircase to the Crypt.
 33880 | Vaults:2 | 33880 ||| INVOKING Heroism.
 33887 | Vaults:2 | Reached XP level 20. HP: 93/131 MP: 24/27
 33935 | Vaults:2 | 33935 ||| Stepping ~*~*~tactically~*~*~ (stealth).
 33939 | Vaults:2 | 33939 ||| Stepping ~*~*~tactically~*~*~ (stealth).
 34074 | Vaults:2 | 34074 ||| Stepping ~*~*~tactically~*~*~ (hiding).
 34115 | Vaults:2 | 34115 ||| Stepping ~*~*~tactically~*~*~ (stealth).
 34227 | Vaults:2 | 34227 ||| Stepping ~*~*~tactically~*~*~ (hiding).
 34647 | Vaults:2 | 34647 ||| READING scroll of enchant armour.
 34647 | Vaults:2 | 34647 ||| ENCHANTING +1 helmet of see invisible.
 34672 | Vaults:2 | Received a gift from Okawaru
 34733 | Vaults:2 | Received a gift from Okawaru
 34886 | Vaults:2 | 34886 ||| DROPPING +2 helmet.
 34950 | Vaults:3 | 34950 ||| Stepping ~*~*~tactically~*~*~ (stealth).
 34951 | Vaults:3 | 34951 ||| Stepping ~*~*~tactically~*~*~ (stealth).
 34974 | Vaults:3 | Received a gift from Okawaru
 35047 | Vaults:3 | 35047 ||| Stepping ~*~*~tactically~*~*~ (hiding).
 35048 | Vaults:3 | 35048 ||| Stepping ~*~*~tactically~*~*~ (hiding).
 35164 | Vaults:3 | 35164 ||| Stepping ~*~*~tactically~*~*~ (hiding).
 35260 | Vaults:3 | You are sucked into a shaft and drop 1 floor!
 35274 | Vaults:4 | 35274 ||| Stepping ~*~*~tactically~*~*~ (hiding).
 35387 | Vaults:4 | 35387 ||| Stepping ~*~*~tactically~*~*~ (hiding).
 35399 | Vaults:4 | 35399 ||| Stepping ~*~*~tactically~*~*~ (hiding).
 35400 | Vaults:4 | 35400 ||| Stepping ~*~*~tactically~*~*~ (hiding).
 35402 | Vaults:4 | 35402 ||| Stepping ~*~*~tactically~*~*~ (hiding).
 35528 | Vaults:4 | 35528 ||| Stepping ~*~*~tactically~*~*~ (hiding).
 35530 | Vaults:4 | Received a gift from Okawaru
 35540 | Vaults:4 | Reached skill level 18 in Axes
 35598 | Vaults:4 | 35598 ||| DROPPING +0 broad axe of electrocution.
 35627 | Vaults:4 | 35627 ||| Stepping ~*~*~tactically~*~*~ (hiding).
 35678 | Vaults:4 | 35678 ||| Stepping ~*~*~tactically~*~*~ (hiding).
 35679 | Vaults:4 | 35679 ||| Stepping ~*~*~tactically~*~*~ (hiding).
 35695 | Vaults:4 | 35695 ||| Stepping ~*~*~tactically~*~*~ (stealth).
 35713 | Vaults:4 | 35713 ||| Stepping ~*~*~tactically~*~*~ (stealth).
 35729 | Vaults:4 | 35729 ||| Stepping ~*~*~tactically~*~*~ (hiding).
 35881 | Vaults:4 | 35881 ||| Stepping ~*~*~tactically~*~*~ (hiding).
 35965 | Vaults:4 | Received a gift from Okawaru
 36130 | Vaults:4 | Found a runed translucent door.
 36130 | Vaults:4 | Noticed tamionv's ghost (adept GrFi)
 36250 | Vaults:3 | Noticed Zenata
 36251 | Vaults:3 | 36251 ||| INVOKING Heroism.
 36252 | Vaults:3 | 36252 ||| INVOKING Finesse.
 36268 | Vaults:3 | Killed Zenata
 36327 | Vaults:3 | Received a gift from Okawaru
 36477 | Vaults:3 | 36477 ||| FLEEEEING.
 36478 | Vaults:3 | 36478 ||| FLEEEEING.
 36479 | Vaults:3 | 36479 ||| FLEEEEING.
 36480 | Vaults:3 | 36480 ||| FLEEEEING.
 36481 | Vaults:3 | 36481 ||| FLEEEEING.
 36482 | Vaults:3 | 36482 ||| FLEEEEING.
 36483 | Vaults:3 | 36483 ||| FLEEEEING.
 36484 | Vaults:3 | 36484 ||| FLEEEEING.
 36485 | Vaults:3 | 36485 ||| FLEEEEING.
 36486 | Vaults:3 | 36486 ||| FLEEEEING.
 36487 | Vaults:3 | 36487 ||| FLEEEEING.
 36488 | Vaults:3 | 36488 ||| FLEEEEING.
 36489 | Vaults:3 | 36489 ||| FLEEEEING.
 36491 | Vaults:3 | 36491 ||| FLEEEEING.
 36492 | Vaults:3 | 36492 ||| FLEEEEING.
 36493 | Vaults:3 | 36493 ||| FLEEEEING.
 36494 | Vaults:3 | 36494 ||| FLEEEEING.
 36495 | Vaults:3 | 36495 ||| FLEEEEING.
 36496 | Vaults:3 | 36496 ||| FLEEEEING.
 36497 | Vaults:3 | 36497 ||| FLEEEEING.
 36498 | Vaults:3 | 36498 ||| FLEEEEING.
 36499 | Vaults:3 | 36499 ||| FLEEEEING.
 36503 | Vaults:3 | 36503 ||| STAIRDANCE
 36605 | Vaults:2 | 36605 ||| DROPPING +2 helmet of see invisible.
 36608 | Vaults:3 | 36608 ||| STAIRDANCE
 36736 | Vaults:3 | 36736 ||| Stepping ~*~*~tactically~*~*~ (hiding).
 36826 | Vaults:3 | Reached ****** piety under Okawaru
 36826 | Vaults:3 | Identified the +4 chain mail "Otiubim" {Str+4} (Okawaru
                  | gifted it to you on level 3 of the Vaults)
 36826 | Vaults:3 | Received a gift from Okawaru
 36945 | Vaults:3 | 36945 ||| Stepping ~*~*~tactically~*~*~ (hiding).
 36946 | Vaults:3 | 36946 ||| Stepping ~*~*~tactically~*~*~ (hiding).
 37558 | Vaults:4 | Reached XP level 21. HP: 139/139 MP: 28/28
 37576 | Vaults:4 | 37576 ||| INVOKING Heroism.
 37577 | Vaults:4 | 37577 ||| INVOKING Finesse.
 37671 | Vaults:4 | 37671 ||| Stepping ~*~*~tactically~*~*~ (hiding).
 37673 | Vaults:4 | 37673 ||| Stepping ~*~*~tactically~*~*~ (hiding).
 37677 | Vaults:4 | 37677 ||| INVOKING Heroism.
 37678 | Vaults:4 | 37678 ||| INVOKING Finesse.
 38066 | Vaults:4 | 38066 ||| Stepping ~*~*~tactically~*~*~ (hiding).
 38237 | Vaults:4 | 38237 ||| Stepping ~*~*~tactically~*~*~ (hiding).
 38305 | Vaults:4 | 38305 ||| FLEEEEING.
 38306 | Vaults:4 | 38306 ||| FLEEEEING.
 38307 | Vaults:4 | 38307 ||| FLEEEEING.
 38308 | Vaults:4 | 38308 ||| FLEEEEING.
 38316 | Vaults:4 | 38316 ||| FLEEEEING.
 38317 | Vaults:4 | 38317 ||| FLEEEEING.
 38318 | Vaults:4 | 38318 ||| FLEEEEING.
 38319 | Vaults:4 | 38319 ||| FLEEEEING.
 38320 | Vaults:4 | 38320 ||| FLEEEEING.
 38321 | Vaults:4 | 38321 ||| FLEEEEING.
 38322 | Vaults:4 | 38322 ||| FLEEEEING.
 38323 | Vaults:4 | 38323 ||| FLEEEEING.
 38324 | Vaults:4 | 38324 ||| FLEEEEING.
 38325 | Vaults:4 | 38325 ||| FLEEEEING.
 38341 | Vaults:4 | 38341 ||| FLEEEEING.
 38342 | Vaults:4 | 38342 ||| FLEEEEING.
 38343 | Vaults:4 | 38343 ||| FLEEEEING.
 38344 | Vaults:4 | 38344 ||| FLEEEEING.
 38348 | Vaults:4 | 38348 ||| FLEEEEING.
 38349 | Vaults:4 | 38349 ||| FLEEEEING.
 38350 | Vaults:4 | 38350 ||| FLEEEEING.
 38351 | Vaults:4 | 38351 ||| FLEEEEING.
 38352 | Vaults:4 | 38352 ||| FLEEEEING.
 38353 | Vaults:4 | 38353 ||| FLEEEEING.
 38354 | Vaults:4 | 38354 ||| FLEEEEING.
 38355 | Vaults:4 | 38355 ||| FLEEEEING.
 38356 | Vaults:4 | 38356 ||| FLEEEEING.
 38358 | Vaults:4 | 38358 ||| STAIRDANCE
 38649 | Vaults:4 | 38649 ||| PLANNING SHOALS:4
 39022 | Shoals:4 | Entered Level 4 of the Shoals
 39045 | Shoals:4 | 39045 ||| INVOKING Heroism.
 39261 | Shoals:4 | Noticed Polyphemus
 39290 | Shoals:4 | Killed Polyphemus
 39290 | Shoals:4 | Received a gift from Okawaru
 39328 | Shoals:4 | 39328 ||| Stepping ~*~*~tactically~*~*~ (hiding).
 39353 | Shoals:4 | 39353 ||| Stepping ~*~*~tactically~*~*~ (hiding).
 39357 | Shoals:4 | 39357 ||| Stepping ~*~*~tactically~*~*~ (hiding).
 39360 | Shoals:4 | 39360 ||| Stepping ~*~*~tactically~*~*~ (hiding).
 39362 | Shoals:4 | Noticed Kirke
 39391 | Shoals:4 | Killed Kirke
 39444 | Shoals:4 | 39444 ||| FLEEEEING.
 39446 | Shoals:4 | 39446 ||| FLEEEEING.
 39475 | Shoals:4 | 39475 ||| Stepping ~*~*~tactically~*~*~ (stealth).
 39521 | Shoals:4 | 39521 ||| Stepping ~*~*~tactically~*~*~ (hiding).
 39533 | Shoals:4 | 39533 ||| Stepping ~*~*~tactically~*~*~ (hiding).
 39542 | Shoals:4 | 39542 ||| Stepping ~*~*~tactically~*~*~ (hiding).
 39557 | Shoals:4 | 39557 ||| INVOKING Heroism.
 39559 | Shoals:4 | Identified the +3 broad axe "Davoywk" {spect, rPois}
                  | (Okawaru gifted it to you on level 4 of the Shoals)
 39559 | Shoals:4 | Received a gift from Okawaru
 39567 | Shoals:4 | Reached skill level 18 in Fighting
 39572 | Shoals:4 | 39572 ||| Stepping ~*~*~tactically~*~*~ (hiding).
 39575 | Shoals:4 | 39575 ||| Stepping ~*~*~tactically~*~*~ (hiding).
 39640 | Shoals:4 | 39640 ||| Stepping ~*~*~tactically~*~*~ (stealth).
 39669 | Shoals:4 | Got a barnacled rune of Zot
 39673 | Shoals:4 | 39673 ||| Stepping ~*~*~tactically~*~*~ (hiding).
 39730 | Shoals:4 | 39730 ||| Stepping ~*~*~tactically~*~*~ (hiding).
 39733 | Shoals:4 | 39733 ||| Stepping ~*~*~tactically~*~*~ (hiding).
 39734 | Shoals:4 | 39734 ||| Stepping ~*~*~tactically~*~*~ (hiding).
 39735 | Shoals:4 | 39735 ||| Stepping ~*~*~tactically~*~*~ (hiding).
 39737 | Shoals:4 | 39737 ||| Stepping ~*~*~tactically~*~*~ (hiding).
 39739 | Shoals:4 | 39739 ||| Stepping ~*~*~tactically~*~*~ (hiding).
 39747 | Shoals:4 | 39747 ||| Stepping ~*~*~tactically~*~*~ (hiding).
 39876 | Shoals:4 | 39876 ||| Stepping ~*~*~tactically~*~*~ (hiding).
 39933 | Shoals:4 | Identified the +8 war axe of Insomnia {heavy, Will- Str+5}
 40165 | Shoals:4 | 40165 ||| PLANNING DEPTHS
 40165 | Shoals:4 | 40165 ||| READING 29 scrolls of identify.
 40165 | Shoals:4 | 40165 ||| IDENTIFYING white potion
 40423 | Depths:1 | Entered Level 1 of the Depths
 40472 | Depths:1 | 40472 ||| Stepping ~*~*~tactically~*~*~ (hiding).
 40488 | Depths:1 | Found a stormy altar of Qazlal.
 40489 | Depths:1 | 40489 ||| Stepping ~*~*~tactically~*~*~ (hiding).
 40512 | Depths:1 | 40512 ||| INVOKING Finesse.
 40543 | Depths:1 | Received a gift from Okawaru
 40658 | Depths:1 | Found a radiant altar of Vehumet.
 40696 | Depths:1 | Noticed Sojobo
 40697 | Depths:1 | 40697 ||| Stepping ~*~*~tactically~*~*~ (hiding).
 40699 | Depths:1 | 40699 ||| Stepping ~*~*~tactically~*~*~ (hiding).
 40700 | Depths:1 | 40700 ||| INVOKING Heroism.
 40703 | Depths:1 | 40703 ||| INVOKING Finesse.
 40716 | Depths:1 | Reached skill level 21 in Armour
 40723 | Depths:1 | Killed Sojobo
 40751 | Depths:1 | 40751 ||| Stepping ~*~*~tactically~*~*~ (hiding).
 40754 | Depths:1 | 40754 ||| Stepping ~*~*~tactically~*~*~ (hiding).
 40778 | Depths:1 | 40778 ||| Stepping ~*~*~tactically~*~*~ (hiding).
 40780 | Depths:1 | 40780 ||| Stepping ~*~*~tactically~*~*~ (hiding).
 40781 | Depths:1 | 40781 ||| Stepping ~*~*~tactically~*~*~ (hiding).
 40806 | Depths:1 | 40806 ||| DROPPING +0 broad axe.
 40811 | Depths:1 | 40811 ||| Stepping ~*~*~tactically~*~*~ (stealth).
 40815 | Depths:1 | 40815 ||| Stepping ~*~*~tactically~*~*~ (stealth).
 40854 | Depths:1 | 40854 ||| Stepping ~*~*~tactically~*~*~ (stealth).
 40856 | Depths:1 | 40856 ||| Stepping ~*~*~tactically~*~*~ (hiding).
 40857 | Depths:1 | 40857 ||| Stepping ~*~*~tactically~*~*~ (hiding).
 40859 | Depths:1 | 40859 ||| Stepping ~*~*~tactically~*~*~ (hiding).
 40860 | Depths:1 | 40860 ||| Stepping ~*~*~tactically~*~*~ (hiding).
 40861 | Depths:1 | 40861 ||| Stepping ~*~*~tactically~*~*~ (hiding).
 40868 | Depths:1 | 40868 ||| INVOKING Heroism.
 40871 | Depths:1 | 40871 ||| INVOKING Finesse.
 40879 | Depths:1 | Reached skill level 6 in Dodging
 40944 | Depths:1 | 40944 ||| Stepping ~*~*~tactically~*~*~ (hiding).
 40945 | Depths:1 | 40945 ||| Stepping ~*~*~tactically~*~*~ (hiding).
 40957 | Depths:1 | Reached XP level 22. HP: 142/147 MP: 29/29
 40979 | Depths:1 | 40979 ||| Stepping ~*~*~tactically~*~*~ (stealth).
 40989 | Depths:1 | 40989 ||| INVOKING Heroism.
 40990 | Depths:1 | 40990 ||| INVOKING Finesse.
 41136 | Depths:1 | 41136 ||| Stepping ~*~*~tactically~*~*~ (stealth).
 41164 | Depths:1 | 41164 ||| INVOKING Heroism.
 41165 | Depths:1 | 41165 ||| INVOKING Finesse.
 41172 | Depths:1 | Identified the +11 short sword of Severance {vamp, *Rage
                  | Fly Int+4}
 41173 | Depths:1 | 41173 ||| Stepping ~*~*~tactically~*~*~ (cloud).
 41372 | Depths:1 | Found a gateway to Hell.
 41402 | Depths:1 | 41402 ||| DROPPING +1 hat.
 41471 | Depths:2 | Found a one-way gate leading to the halls of Pandemonium.
 41514 | Depths:2 | 41514 ||| INVOKING Heroism.
 41515 | Depths:2 | 41515 ||| INVOKING Finesse.
 41538 | Depths:2 | Received a gift from Okawaru
 41607 | Depths:2 | Identified the +1 war axe of Lojiach {heavy, rC+ Dex+6}
 41625 | Depths:2 | 41625 ||| INVOKING Heroism.
 41626 | Depths:2 | 41626 ||| INVOKING Finesse.
 41696 | Depths:2 | 41696 ||| Stepping ~*~*~tactically~*~*~ (stealth).
 41698 | Depths:2 | 41698 ||| INVOKING Heroism.
 41733 | Depths:2 | 41733 ||| Stepping ~*~*~tactically~*~*~ (stealth).
 41737 | Depths:2 | 41737 ||| Stepping ~*~*~tactically~*~*~ (stealth).
 41737 | Depths:2 | Found the +8 arc blade {discharge, rElec}
 41741 | Depths:2 | Paralysed by a floating eye for 4 turns
 41745 | Depths:2 | 41745 ||| INVOKING Heroism.
 41757 | Depths:2 | 41757 ||| Stepping ~*~*~tactically~*~*~ (stealth).
 41758 | Depths:2 | 41758 ||| Stepping ~*~*~tactically~*~*~ (stealth).
 41759 | Depths:2 | 41759 ||| Stepping ~*~*~tactically~*~*~ (stealth).
 41760 | Depths:2 | 41760 ||| Stepping ~*~*~tactically~*~*~ (stealth).
 41761 | Depths:2 | 41761 ||| Stepping ~*~*~tactically~*~*~ (stealth).
 41861 | Depths:2 | 41861 ||| Stepping ~*~*~tactically~*~*~ (stealth).
 41885 | Depths:2 | 41885 ||| Stepping ~*~*~tactically~*~*~ (hiding).
 41895 | Depths:2 | Received a gift from Okawaru
 41967 | Depths:2 | Found Cavethrixu's Book Boutique.
 41967 | Depths:2 | Found Ogefam's Jewellery Shoppe.
 41968 | Depths:2 | 41968 ||| Stepping ~*~*~tactically~*~*~ (stealth).
 41996 | Depths:2 | 41996 ||| FLEEEEING.
 41997 | Depths:2 | 41997 ||| FLEEEEING.
 41998 | Depths:2 | 41998 ||| FLEEEEING.
 41999 | Depths:2 | 41999 ||| FLEEEEING.
 42055 | Depths:2 | Found Toatz's Jewellery Shoppe.
 42061 | Depths:2 | 42061 ||| BUYING amulet of Brawling {Will+ Regen+ Str+7
                  | Dex+7} (936 gold).
 42061 | Depths:2 | Bought the amulet of Brawling {Will+ Regen+ Str+7 Dex+7}
                  | for 936 gold pieces
 42061 | Depths:2 | 42061 ||| BUYING ring of fire (325 gold).
 42061 | Depths:2 | Bought a ring of fire for 325 gold pieces
 42069 | Depths:2 | 42069 ||| SHOPLISTING ring "Yguestr Foiph" {Fire Contam Fly
                  | Str+4 Dex-4} (655 gold, have 166).
 42189 | Depths:2 | 42189 ||| Stepping ~*~*~tactically~*~*~ (hiding).
 42198 | Depths:2 | 42198 ||| Stepping ~*~*~tactically~*~*~ (hiding).
 42203 | Depths:2 | 42203 ||| Stepping ~*~*~tactically~*~*~ (stealth).
 42309 | Depths:2 | 42309 ||| Stepping ~*~*~tactically~*~*~ (hiding).
 42310 | Depths:2 | 42310 ||| Stepping ~*~*~tactically~*~*~ (hiding).
 42423 | Depths:2 | 42423 ||| DROPPING amulet of reflection.
 42469 | Depths:3 | Found a one-way gate to the infinite horrors of the Abyss.
 42473 | Depths:3 | 42473 ||| INVOKING Heroism.
 42487 | Depths:3 | Received a gift from Okawaru
 42502 | Depths:3 | 42502 ||| INVOKING Finesse.
 42789 | Depths:3 | 42789 ||| Stepping ~*~*~tactically~*~*~ (hiding).
 42791 | Depths:3 | 42791 ||| Stepping ~*~*~tactically~*~*~ (hiding).
 42792 | Depths:3 | 42792 ||| Stepping ~*~*~tactically~*~*~ (hiding).
 42793 | Depths:3 | 42793 ||| Stepping ~*~*~tactically~*~*~ (hiding).
 42989 | Depths:3 | Found Orior's Book Shop.
 43116 | Depths:3 | 43116 ||| READING scroll of acquirement.
 43116 | Depths:3 | 43116 ||| ACQUIRING 1199 gold pieces
 43116 | Depths:3 | Acquired 1199 gold pieces
 43167 | Depths:3 | Found a runed translucent door.
 43170 | Depths:3 | Noticed qw's ghost (veteran GrFi)
 43172 | Depths:3 | Identified the +11 falchion of the Sun {heavy, rPois}
 43349 | Depths:3 | Identified the staff of air "Meeny" {rElec rPois Will+
                  | MP+9}
 43383 | Depths:3 | 43383 ||| INVOKING Heroism.
 43403 | Depths:3 | Received a gift from Okawaru
 43404 | Depths:3 | 43404 ||| Stepping ~*~*~tactically~*~*~ (hiding).
 43432 | Depths:3 | 43432 ||| INVOKING Finesse.
 43455 | Depths:3 | 43455 ||| INVOKING Heroism.
 43459 | Depths:3 | HP: 13/149 [fire giant/bolt of fire (54)]
 43460 | Depths:3 | 43460 ||| READING 13 scrolls of teleportation.
 43461 | Depths:3 | 43461 ||| DRINKING 4 potions of heal wounds.
 43462 | Depths:3 | 43462 ||| DRINKING 3 potions of heal wounds.
 43767 | Depths:3 | 43767 ||| Stepping ~*~*~tactically~*~*~ (hiding).
 43776 | Depths:3 | Received a gift from Okawaru
 43884 | Depths:3 | Noticed a caustic shrike
 43885 | Depths:3 | 43885 ||| INVOKING Heroism.
 43886 | Depths:3 | 43886 ||| INVOKING Finesse.
 43895 | Depths:3 | Killed a caustic shrike
 43896 | Depths:3 | 43896 ||| Stepping ~*~*~tactically~*~*~ (hiding).
 44017 | Depths:4 | Entered Level 4 of the Depths
 44026 | Depths:4 | Found a one-way gateway to a ziggurat.
 44026 | Depths:4 | Found a broken altar of Ashenzari.
 44029 | Depths:4 | 44029 ||| INVOKING Heroism.
 44030 | Depths:4 | 44030 ||| INVOKING Finesse.
 44089 | Depths:4 | 44089 ||| Stepping ~*~*~tactically~*~*~ (hiding).
 44100 | Depths:4 | 44100 ||| INVOKING Heroism.
 44160 | Depths:4 | Received a gift from Okawaru
 44259 | Depths:4 | Noticed a golden dragon
 44260 | Depths:4 | 44260 ||| INVOKING Heroism.
 44273 | Depths:4 | Killed a golden dragon
 44313 | Depths:4 | 44313 ||| Stepping ~*~*~tactically~*~*~ (stealth).
 44314 | Depths:4 | 44314 ||| Stepping ~*~*~tactically~*~*~ (stealth).
 44315 | Depths:4 | 44315 ||| Stepping ~*~*~tactically~*~*~ (stealth).
 44361 | Depths:4 | 44361 ||| Stepping ~*~*~tactically~*~*~ (hiding).
 44362 | Depths:4 | 44362 ||| Stepping ~*~*~tactically~*~*~ (hiding).
 44376 | Depths:4 | Noticed a golden dragon
 44377 | Depths:4 | 44377 ||| INVOKING Heroism.
 44383 | Depths:4 | Killed a golden dragon
 44386 | Depths:4 | Noticed a golden dragon
 44387 | Depths:4 | 44387 ||| INVOKING Finesse.
 44391 | Depths:4 | 44391 ||| Stepping ~*~*~tactically~*~*~ (hiding).
 44403 | Depths:4 | Killed a golden dragon
 44404 | Depths:4 | Reached XP level 23. HP: 138/156 MP: 24/30
 44404 | Depths:4 | 44404 ||| Stepping ~*~*~tactically~*~*~ (hiding).
 44406 | Depths:4 | 44406 ||| Stepping ~*~*~tactically~*~*~ (hiding).
 44611 | Depths:4 | 44611 ||| Stepping ~*~*~tactically~*~*~ (stealth).
 44619 | Depths:4 | Received a gift from Okawaru
 44712 | Depths:4 | 44712 ||| Stepping ~*~*~tactically~*~*~ (hiding).
 44714 | Depths:4 | 44714 ||| INVOKING Heroism.
 44725 | Depths:4 | Noticed a golden dragon
 44750 | Depths:4 | Killed a golden dragon
 44752 | Depths:4 | 44752 ||| Stepping ~*~*~tactically~*~*~ (hiding).
 44773 | Depths:4 | 44773 ||| FLEEEEING.
 44774 | Depths:4 | 44774 ||| FLEEEEING.
 44779 | Depths:4 | 44779 ||| FLEEEEING.
 44780 | Depths:4 | 44780 ||| FLEEEEING.
 44781 | Depths:4 | 44781 ||| FLEEEEING.
 44782 | Depths:4 | 44782 ||| FLEEEEING.
 44783 | Depths:4 | 44783 ||| FLEEEEING.
 44784 | Depths:4 | 44784 ||| FLEEEEING.
 44785 | Depths:4 | 44785 ||| FLEEEEING.
 44786 | Depths:4 | 44786 ||| FLEEEEING.
 44787 | Depths:4 | 44787 ||| FLEEEEING.
 44792 | Depths:4 | 44792 ||| FLEEEEING.
 44793 | Depths:4 | 44793 ||| FLEEEEING.
 44794 | Depths:4 | 44794 ||| FLEEEEING.
 44795 | Depths:4 | 44795 ||| FLEEEEING.
 44796 | Depths:4 | 44796 ||| FLEEEEING.
 44797 | Depths:4 | 44797 ||| FLEEEEING.
 44798 | Depths:4 | 44798 ||| FLEEEEING.
 44799 | Depths:4 | 44799 ||| FLEEEEING.
 44800 | Depths:4 | 44800 ||| FLEEEEING.
 44801 | Depths:4 | 44801 ||| FLEEEEING.
 44802 | Depths:4 | 44802 ||| STAIRDANCE
 45016 | Depths:4 | Found a gate to the Realm of Zot.
 45024 | Depths:4 | 45024 ||| Stepping ~*~*~tactically~*~*~ (cloud).
 45027 | Depths:4 | 45027 ||| Stepping ~*~*~tactically~*~*~ (cloud).
 45507 | Depths:4 | 45507 ||| PLANNING VAULTS:5
 45772 | Vaults:5 | Entered Level 5 of the Vaults
 45776 | Vaults:5 | 45776 ||| INVOKING Heroism.
 45785 | Vaults:5 | Noticed an ancient lich
 45786 | Vaults:5 | 45786 ||| INVOKING Finesse.
 45794 | Vaults:5 | Reached skill level 21 in Shields
 45813 | Vaults:5 | Killed an ancient lich
 45834 | Vaults:5 | Received a gift from Okawaru
 45840 | Vaults:5 | Noticed a dread lich
 45852 | Vaults:5 | Noticed Bai Suzhen
 45862 | Vaults:5 | Received a gift from Okawaru
 45863 | Vaults:5 | Reached skill level 21 in Fighting
 45871 | Vaults:5 | Killed a dread lich
 45898 | Vaults:5 | Killed Bai Suzhen
 45901 | Vaults:5 | 45901 ||| INVOKING Heroism.
 45901 | Vaults:5 | HP: 31/160 [fire giant/bolt of fire (10)]
 45902 | Vaults:5 | 45902 ||| READING 12 scrolls of teleportation.
 45903 | Vaults:5 | 45903 ||| DRINKING 2 potions of heal wounds.
 45903 | Vaults:5 | HP: 9/160 [vault warden/+1 war axe of venom (39)]
 45904 | Vaults:5 | 45904 ||| DRINKING potion of heal wounds.
 45910 | Vaults:5 | 45910 ||| READING 11 scrolls of teleportation.
 45916 | Vaults:5 | 45916 ||| READING 10 scrolls of teleportation.
 45916 | Vaults:5 | HP: 6/160 [storm dragon/bolt of lightning (3)]
 45926 | Vaults:5 | 45926 ||| READING 9 scrolls of teleportation.
 45932 | Vaults:5 | 45932 ||| READING 8 scrolls of teleportation.
 45967 | Vaults:5 | 45967 ||| READING 7 scrolls of teleportation.
 45968 | Vaults:5 | 45968 ||| INVOKING Heroism.
 45969 | Vaults:5 | HP: 21/160 [frost giant/bolt of cold (5)]
 46283 | Vaults:5 | 46283 ||| Stepping ~*~*~tactically~*~*~ (hiding).
 46300 | Vaults:5 | Reached skill level 12 in Throwing
 46341 | Vaults:5 | Identified the +1 robe of the Present {Drain rElec rF+
                  | Dex+3}
 46356 | Vaults:5 | Identified the ring of Qifica {Will+ EV+5 Str+3 Slay+3}
 46410 | Vaults:5 | 46410 ||| INVOKING Heroism.
 46411 | Vaults:5 | 46411 ||| INVOKING Finesse.
 46412 | Vaults:5 | 46412 ||| INVOKING Finesse.
 46429 | Vaults:5 | Noticed Mennas
 46443 | Vaults:5 | Received a gift from Okawaru
 46473 | Vaults:5 | Killed Mennas
 46501 | Vaults:5 | 46501 ||| Stepping ~*~*~tactically~*~*~ (hiding).
 46505 | Vaults:5 | 46505 ||| Stepping ~*~*~tactically~*~*~ (hiding).
 46538 | Vaults:5 | Reached XP level 24. HP: 83/168 MP: 30/30
 46543 | Vaults:5 | 46543 ||| Stepping ~*~*~tactically~*~*~ (hiding).
 46544 | Vaults:5 | 46544 ||| Stepping ~*~*~tactically~*~*~ (hiding).
 46554 | Vaults:5 | 46554 ||| INVOKING Heroism.
 46589 | Vaults:5 | Identified the +8 sling "Plog" {flame, +Blink}
 46592 | Vaults:5 | Received a gift from Okawaru
 46598 | Vaults:5 | HP: 36/168 [vault warden/sling bullet (19)]
 46599 | Vaults:5 | 46599 ||| READING 7 scrolls of teleportation.
 46605 | Vaults:5 | HP: 5/168 [vault warden/sling bullet (26)]
 46605 | Vaults:5 | Shot with a sling bullet by a vault warden

Levels and vault maps discovered:
D:1:      dpeg_arrival_castle, layout_basic, nrook_uturn, minmay_liquid_box
D:2:      layout_basic, amcnicky_mini_corridor_feature, serial_park_tiny_pond
D:3:      layout_basic, fedhas_altar_4, zin_academy, serial_shops,
          nicolae_shop_hallway_stairs, uniq_ijyb, uniq_grinder
D:4:      layout_gridville, okawaru_trees_1, uniq_pikel, uniq_pargi
D:5:      minmay_polygon_palace, layout_cave_pools,
          mainiacjoe_overflow_chevrons, minmay_temple_entry_poolview
D:6:      layout_cave_pools, trog_butcher_becter, serial_gnoll_camp,
          gnoll_camp_mini_basic, gnoll_camp_huts_basic, gnoll_camp_medium_01,
          gnoll_camp_mini_shop, portal_sewer_entry_d
D:7:      mumra_celtic_spiral_tile, layout_loops_ring, elyvilon_altar_1
D:8:      layout_cave_pods, bloody_makhleb, david_lair_shrubbed,
          nicolae_stop_n_shop_1
D:9:      layout_basic, lemuel_crystal_altar
D:10:     layout_basic, nicolae_uskayaw_dance_studio,
          chequers_temple_overflow_statue_of_worship, hangedman_decor_opposing,
          hangedman_abyss_or_decor_clamps
D:11:     layout_rooms, minmay_orc_entry_temple_small, cheibrodos_worm_habitat
D:12:     layout_roguey, hangedman_decor_peaks_small, serial_bayou_pond_a
D:13:     layout_basic, uniq_nessos
D:14:     layout_roguey, david_vaults_1, dreamdust_mushroom_princess
D:15:     grunt_enter_depths_giant_problem, layout_basic,
          kiku_gazebo_garden_becter
Lair:1:   layout_gridlike, enter_volcano_3, st_stairs_10, disabler_island
Lair:2:   layout_gridlike, elwin_shoals_entry_stream,
          minmay_snake_entry_guardpost_large, beast_lair_carwin_5,
          serial_bayou_shore_a
Lair:3:   layout_cave_pods, grunt_megastairs_2, uniq_nergalle, uniq_gastronok,
          uniq_fannar
Lair:4:   minmay_lair_oklob_chamber, layout_regular_city, slime_entry_1,
          beast_lair_carwin_10, lemuel_fruit_tree, grunt_megastairs_4,
          infiniplex_staircase_pool
Lair:5:   grunt_lair_end_beastmaster, layout_regular_city,
          gammafunk_ghost_berserking_beasts, grunt_megastairs_5
Shoals:1: layout_shoals, ebering_ghost_gozag, uniq_mlioglotl
Shoals:2: layout_shoals, serial_shops, nicolae_shop_real_fake_doors
Shoals:3: layout_shoals
Shoals:4: shoals_end_hellmonk_lost_city, uniq_polyphemus, uniq_kirke
Snake:1:  layout_concentric_octagons
Snake:2:  layout_honeycomb, serial_bayou_shore_b, uniq_vashnia, uniq_aizul
Snake:3:  layout_honeycomb, portal_ice_cave_entry_ice_statue_two, serial_shops,
          shop, grunt_megastairs_1
Snake:4:  grunt_snake_rune_spirals, layout_onion, basic_altar
Orc:1:    layout_caves, serial_shops, nicolae_shop_crystal, basic_altar,
          minmay_orc_barracks, uniq_snorg, uniq_harold, uniq_urug, uniq_maurice
Orc:2:    grunt_orc_gardens, layout_caves, grunt_orc_garden, grunt_orc_garden,
          grunt_orc_garden, grunt_orc_garden, serial_shops, bzr_entry_water
Vaults:1: nicolae_vaults_two_Ls, nicolae_vaults_specimen_jars,
          nicolae_vaults_network_s, ontoclasm_vaults_loading_screen,
          ontoclasm_vaults_loading_screen, nicolae_vaults_heist,
          vaults_room_fours, vaults_standard_mumra_x, nicolae_vaults_spaceships,
          v_rooms_6, grunt_vaults_focal, nicolae_vaults_angled_halls,
          grunt_vaults_diagonal, layout_vaults_maze
Vaults:2: portal_desolation_entry_garden, nicolae_vaults_closet_pinwheel_4,
          nicolae_vaults_storage_closets_1, hangedman_vaults_cutoff,
          vaults_dpeg_encased_lava, minmay_crypt_entry_simple_round,
          nicolae_vaults_tetromino_L_2, layout_vaults_omnigrid
Vaults:3: nicolae_vaults_storage_closets_3, nicolae_vaults_little_ls,
          hangedman_vaults_variations, nicolae_vaults_trapezoid_lopsided_3,
          nicolae_vaults_border_crossing, grunt_vaults_swirl, vaults_dpeg_ring,
          nicolae_vaults_little_squares_4, layout_vaults_chaotic_city,
          uniq_zenata
Vaults:4: hellmonk_ghost_happy_afterlife, nicolae_vaults_three_branches,
          grunt_vaults_hallway_short, nicolae_vaults_network_barrier, v_rooms_5,
          nicolae_vaults_surprise_closet, nicolae_vaults_octothorpe, st_lattice,
          nicolae_vaults_asterisk, nicolae_vaults_little_squares_5,
          hangedman_vaults_trim, hangedman_vaults_maws, ontoclasm_vaults_twist,
          layout_vaults_omnicross
Vaults:5: uniq_mennas, uniq_bai_suzhen
Depths:1: layout_twisted_cross, pf_coc_iceberg, lemuel_crystal_altar,
          nicolae_qazlal_scattered_showers, uniq_sojobo
Depths:2: minmay_shoctagon, layout_gridlike,
          hangedman_abyss_or_decor_lesser_grid, hell_entry, pan_entry,
          minmay_shop_grove
Depths:3: minmay_diamond_stairs, layout_cross, ebering_ghost_reflecting_pool,
          hell_entry, serial_shops, nicolae_shop_crystal, abyss_entry,
          evilmike_minifort
Depths:4: grunt_zot_entry_funnels, layout_gridville, enter_ziggurat_a,
          serial_glass, glass_columns_b, glass_columns_a,
          minmay_strange_pillars, unseen_surprise_small, hell_entry,
          ashenzari_altar_1

Skill      XL: |  1  2  3  4  5  6  7  8  9 10 11 12 13 14 15 16 17 18 19 20 21 22 23 |
---------------+----------------------------------------------------------------------+-----
Axes           | 2 3 4 6 7 9 10 11 13 14 16 18 | 18.0
Armour         | 4 6 7 8 9 10 11 13 14 15 17 18 19 21 22 | 22.0
Fighting       | 6 7 8 9 10 11 12 14 15 16 17 18 19 22 | 22.0
Throwing       | 1 3 4 6 7 9 10 11 12 | 12.4
Invocations    | 2 4 7 10 | 10.0
Dodging        | 1 2 3 4 5 6 7 |  7.0
Shields        | 4 9 10 11 12 13 18 19 20 21 | 21.4

Action                     |  1- 3 |  4- 6 |  7- 9 | 10-12 | 13-15 | 16-18 | 19-21 | 22-24 || total
---------------------------+-------+-------+-------+-------+-------+-------+-------+-------++-------
  Melee: War axe           |    91 |   227 |   349 |   481 |  1035 |  1561 |   414 |       ||  4158
         Broad axe         |       |       |       |       |       |       |  1219 |  1045 ||  2264
  Throw: Boomerang         |       |       |    69 |    19 |       |       |       |       ||    88
         Javelin           |       |       |       |    28 |   194 |    94 |   139 |    26 ||   481
 Invoke: Heroism           |       |       |     9 |    20 |    24 |    38 |    15 |    20 ||   126
         Finesse           |       |       |       |     1 |     6 |     5 |     9 |    11 ||    32
    Use: Scroll            |     5 |     3 |    12 |     8 |     8 |     7 |     5 |     9 ||    57
         Potion            |     1 |     3 |     1 |       |       |     9 |       |     4 ||    18
   Stab: Petrified         |       |       |       |       |     5 |       |     5 |       ||    10
         Petrifying        |       |       |       |       |     2 |       |     1 |       ||     3
         Distracted        |       |       |       |       |       |       |       |     1 ||     1
 Armour: Scale mail        |    24 |       |       |       |       |       |       |       ||    24
         Crystal plate arm |    41 |   217 |   350 |   314 |   710 |   714 |   406 |   277 ||  3029
  Dodge: Dodged            |    41 |    15 |    66 |    72 |   161 |   498 |   352 |   262 ||  1467
  Block: Buckler           |    23 |    37 |    85 |    17 |       |       |       |       ||   162
         Kite shield       |       |       |       |   176 |   456 |   305 |       |       ||   937
         Tower shield      |       |       |       |       |       |   831 |  1005 |   627 ||  2463

Table legend:
 A = Non-vault XP
 B = Vault XP
 C = Vault XP percentage of total XP
 D = Non-vault monster count
 E = Vault monster count
 F = Vault count percentage of total count
                 A         B        C        D         E       F
            +---------+---------+-------+---------+---------+-------
      Total |  465021 |  383495 |  45.2 |    1074 |     611 |  36.3
            +---------+---------+-------+---------+---------+-------
        D:1 |      29 |       0 |   0.0 |      18 |       0 |   0.0
        D:2 |     141 |       0 |   0.0 |      20 |       0 |   0.0
        D:3 |      37 |     303 |  89.1 |      14 |       2 |  12.5
        D:4 |     770 |     749 |  49.3 |      27 |       2 |   6.9
        D:5 |     263 |     756 |  74.2 |      16 |      15 |  48.4
        D:6 |     891 |    1151 |  56.4 |      16 |      35 |  68.6
        D:7 |     595 |       0 |   0.0 |      23 |       0 |   0.0
        D:8 |    2294 |     372 |  14.0 |      25 |       1 |   3.8
        D:9 |    3212 |       0 |   0.0 |      34 |       0 |   0.0
       D:10 |    2121 |     100 |   4.5 |      12 |       8 |  40.0
       D:11 |    2171 |     261 |  10.7 |      14 |       8 |  36.4
       D:12 |    6942 |       0 |   0.0 |      25 |       0 |   0.0
       D:13 |   11440 |    1051 |   8.4 |      29 |       1 |   3.3
       D:14 |    7414 |    1211 |  14.0 |      15 |       3 |  16.7
       D:15 |   10324 |    1115 |   9.7 |      20 |       1 |   4.8
     Lair:1 |    7118 |     655 |   8.4 |      22 |       6 |  21.4
     Lair:2 |    5877 |    3249 |  35.6 |      25 |      15 |  37.5
     Lair:3 |    3285 |    6699 |  67.1 |      14 |      11 |  44.0
     Lair:4 |    6173 |    5309 |  46.2 |      24 |      19 |  44.2
     Lair:5 |   12786 |   10923 |  46.1 |      39 |      23 |  37.1
   Shoals:1 |    5821 |    1823 |  23.8 |      11 |       1 |   8.3
   Shoals:2 |   11816 |       0 |   0.0 |      25 |       0 |   0.0
   Shoals:3 |   16775 |       0 |   0.0 |      34 |       0 |   0.0
   Shoals:4 |   14304 |   32169 |  69.2 |      29 |      46 |  61.3
    Snake:1 |   11804 |       0 |   0.0 |      26 |       0 |   0.0
    Snake:2 |   19703 |    6661 |  25.3 |      42 |       5 |  10.6
    Snake:3 |   22496 |    3549 |  13.6 |      57 |       8 |  12.3
    Snake:4 |   21230 |   35033 |  62.3 |      42 |      43 |  50.6
      Orc:1 |    5819 |    4072 |  41.2 |      36 |      20 |  35.7
      Orc:2 |    4272 |    8352 |  66.2 |      27 |      27 |  50.0
   Vaults:1 |   20303 |   17878 |  46.8 |      34 |      26 |  43.3
   Vaults:2 |   29774 |   12633 |  29.8 |      42 |      15 |  26.3
   Vaults:3 |   20509 |   17501 |  46.0 |      25 |      20 |  44.4
   Vaults:4 |   32000 |   15656 |  32.9 |      43 |      21 |  32.8
   Vaults:5 |   25622 |   92187 |  78.3 |      38 |      79 |  67.5
   Depths:1 |   36968 |    6281 |  14.5 |      43 |       3 |   6.5
   Depths:2 |   18796 |    7925 |  29.7 |      23 |       7 |  23.3
   Depths:3 |   32988 |   21522 |  39.5 |      35 |      18 |  34.0
   Depths:4 |   30138 |   17646 |  36.9 |      30 |      16 |  34.8
      Sewer |       0 |      51 | 100.0 |       0 |       6 | 100.0
 Desolation |       0 |   48652 | 100.0 |       0 |     100 | 100.0
            +---------+---------+-------+---------+---------+-------
